 Dungeon Crawl Stone Soup version 0.31-a0-960-g0fca184906 (webtiles) character file.

Game seed: 7218140443862133894

1249286 theanonym the Shapeless Minotaur (level 27, -10/259 (300) HPs)
             Began as a Minotaur Gladiator on Oct 21, 2023.
             Was the Champion of Makhleb.
             Mangled by a Hell Sentinel (24 damage)
             ... on level 6 of the Iron City of Dis on Oct 22, 2023.
             The game lasted 05:06:56 (88643 turns).

theanonym the Shapeless Minotaur (MiGl)            Turns: 88643, Time: 05:06:57

HP:   -10/259 (300) AC: 38    Str: 42      XL:     27
MP:   40/40         EV: 22    Int: 11 (13) God:    Makhleb [******]
Gold: 10477         SH:  0    Dex: 10 (12) Spells: 46/63 levels left

rFire   + + +        a - +9 executioner's axe (elec)
rCold   + + +        (shield currently unavailable)
rNeg    + + +        K - +7 gold dragon scales
rPois   ∞            F - -2 hat of the Alchemist {rElec rPois rF+ rC+ rN+ Will+ rMut rCorr}
rElec   +            n - +2 cloak {Will+} {Will+}
rCorr   +            d - +0 pair of gloves {Str+3}
SInv    .            l - +2 pair of boots {Stlth+}
Will    +++++        j - amulet of Vitality {RegenMP++ Regen++} Stlth
                     J - ring of Departure {Drain rPois rF+ AC+4 Str+5}
HPRegen 2.23/turn    e - ring "Kuikiemi" {Fly EV+5 Int+2 Stlth+}
MPRegen 1.07/turn

%: resist mutation
@: death-form, flying, studying 3 skills, heavily drained, corroded
A: vile attack, torment immunity, no potions, horns 2, retaliatory headbutt, low
MP 1, robust 1, strong 1
}: 14/15 runes: serpentine, barnacled, slimy, silver, golden, obsidian, icy,
bone, abyssal, demonic, glowing, magical, fiery, dark
a: Siphon Essence, Begin Untransformation, Renounce Religion, Minor Destruction,
Lesser Servant of Makhleb, Major Destruction, Greater Servant of Makhleb


Innate Abilities, Weirdness & Mutations

You are an undying horror.
Your melee and unarmed attacks drain, slow and weaken victims.
You are immune to unholy pain and torment.
You cannot drink.
You are immune to poison.
You have a pair of horns on your head.
You reflexively headbutt those who attack you in melee.
Your magical capacity is low. (-10% MP)
You are robust. (+10% HP)
Your muscles are strong. (Str +4, Int/Dex -1)


   Skills:
 O Level 27 Fighting
 O Level 27 Axes
 - Level 2.0 Throwing
 O Level 27 Armour
 O Level 27 Dodging
 + Level 18.5 Spellcasting
 - Level 10.0 Translocations
 - Level 10.0 Air Magic
 - Level 19.0 Invocations
 O Level 27 Shapeshifting


You had 46 spell levels left.
You knew the following spells:

 Your Spells              Type           Power      Damage    Failure   Level
a - Passage of Golubria   Tloc           32%        N/A       3%          4
b - Silence               Hex/Air        10%        N/A       54%         5
e - Lesser Beckoning      Tloc           64%        N/A       1%          2
l - Blink                 Tloc           64%        N/A       1%          2
q - Apportation           Tloc           64%        N/A       1%          1
s - Swiftness             Air            32%        N/A       1%          3

Your spell library contained the following spells:

 Spells                   Type           Power      Damage    Failure   Level
 Momentum Strike          Conj/Tloc      42%        3d9       3%          2
 Poisonous Vapours        Pois/Air       42%        N/A       3%          2
 Static Discharge         Conj/Air       42%        3-5/arc   3%          2
 Airstrike                Air            16%        2d(3-19)  3%          4
 Manifold Assault         Tloc           32%        N/A       3%          4
 Vhi's Electric Charge    Tloc/Air       64%        N/A       3%          4
 Cigotuvi's Dreadful Rot  Necr/Pois/Air  34%        N/A       7%          2
 Volatile Blastmotes      Fire/Tloc      42%        2d13      7%          3
 Mephitic Cloud           Conj/Pois/Air  17%        N/A       14%         3
 Foxfire                  Conj/Fire      40%        2x1d6     19%         1
 Kiss of Death            Conj/Necr      40%        2d8       19%         1
 Magic Dart               Conj           40%        1d5       19%         1
 Necrotise                Necr           40%        1d6       19%         1
 Sandblast                Erth           20%        2d7       19%         1
 Slow                     Hex            40%        N/A       19%         1
 Sting                    Tmut/Pois      40%        1d5       19%         1
 Summon Small Mammal      Summ           40%        N/A       19%         1
 Dimensional Bullseye     Hex/Tloc       10%        N/A       22%         4
 Iskenderun's Mystic Bla  Conj/Tloc      21%        2d6       22%         4
 Summon Lightning Spire   Summ/Air       21%        N/A       22%         4
 Call Imp                 Summ           20%        N/A       26%         2
 Ensorcelled Hibernation  Hex/Ice        20%        N/A       26%         2
 Passwall                 Tmut/Erth      8%         N/A       26%         2
 Scorch                   Fire           20%        2d5       26%         2
 Searing Ray              Conj           20%        2d5       26%         2
 Call Canine Familiar     Summ           10%        N/A       47%         3
 Confusing Touch          Hex            10%        N/A       47%         3
 Dazzling Flash           Conj/Hex       20%        N/A       47%         3
 Ignite Poison            Fire/Tmut/Pois 10%        N/A       47%         3
 Inner Flame              Hex/Fire       10%        N/A       47%         3
 Ozocubu's Armour         Ice            10%        N/A       47%         3
 Sigil of Binding         Hex            10%        N/A       47%         3
 Stone Arrow              Conj/Erth      20%        3d8       47%         3
 Summon Guardian Golem    Hex/Summ       10%        N/A       47%         3
 Tukima's Dance           Hex            10%        N/A       47%         3
 Vampiric Draining        Necr           10%        2d6       47%         3
 Arcjolt                  Conj/Air       10%        1d20      54%         5
 Summon Forest            Summ/Tloc      10%        N/A       54%         5
 Freezing Cloud           Conj/Ice/Air   8%         6-21      77%         5
 Anguish                  Hex/Necr       5%         N/A       87%         4
 Animate Armour           Summ/Erth      20%        N/A       87%         4
 Animate Dead             Necr           10%        N/A       87%         4
 Brom's Barrelling Bould  Conj/Erth      10%        2d3       87%         4
 Cause Fear               Hex            5%         N/A       87%         4
 Dispel Undead            Necr           10%        3d9       87%         4
 Flame Wave               Conj/Fire      10%        2d6       87%         4
 Fulminant Prism          Conj/Hex       5%         3d7       87%         4
 Leda's Liquefaction      Hex/Erth       5%         N/A       87%         4
 Olgreb's Toxic Radiance  Pois           10%        N/A       87%         4
 Petrify                  Tmut/Erth      10%        N/A       87%         4
 Sticky Flame             Conj/Fire      10%        2d3       87%         4
 Summon Ice Beast         Ice/Summ       10%        N/A       87%         4
 Conjure Ball Lightning   Conj/Air       10%        3x3d6     98%         6
 Plasma Beam              Fire/Air       10%        2x1d21    98%         6
 Agony                    Necr           10%        N/A       99%         5
 Alistair's Intoxication  Tmut/Pois      6%         N/A       99%         5
 Borgnjor's Vile Clutch   Necr/Erth      5%         N/A       99%         5
 Fireball                 Conj/Fire      5%         3d5       99%         5
 Irradiate                Conj/Tmut      5%         3d13      99%         5
 Iskenderun's Battlesphe  Conj           10%        2d6       99%         5
 Lee's Rapid Deconstruct  Erth           5%         3d6*      99%         5
 Metabolic Englaciation   Hex/Ice        5%         N/A       99%         5
 Summon Mana Viper        Hex/Summ       10%        N/A       99%         5
 Yara's Violent Unravell  Hex/Tmut       5%         3d4       99%         5
 Bombard                  Conj/Erth      5%         9d2       100%        6
 Death Channel            Necr           5%         N/A       100%        6
 Eringya's Noxious Bog    Tmut/Pois      5%         4d6       100%        6
 Simulacrum               Ice/Necr       5%         N/A       100%        6
 Starburst                Conj/Fire      5%         6d4       100%        6
 Summon Cactus Giant      Summ           5%         N/A       100%        6
 Enfeeble                 Hex            5%         N/A       100%        7
 Haunt                    Necr/Summ      5%         N/A       100%        7
 Malign Gateway           Summ/Tloc      10%        N/A       100%        7
 Monstrous Menagerie      Summ           5%         N/A       100%        7
 Orb of Destruction       Conj           5%         9d5       100%        7
 Ozocubu's Refrigeration  Ice            5%         4d8       100%        7
 Spellforged Servitor     Conj/Summ      5%         N/A       100%        7
 Borgnjor's Revivificati  Necr           5%         N/A       100%        8
 Discord                  Hex            5%         N/A       100%        8
 Disjunction              Tloc           16%        N/A       100%        8
 Ignition                 Fire           5%         3d4       100%        8
 Infestation              Necr           5%         N/A       100%        8
 Lehudib's Crystal Spear  Conj/Erth      5%         10d3      100%        8
 Maxwell's Capacitive Co  Air            16%        ∞         100%        8
 Summon Horrible Things   Summ           5%         N/A       100%        8
 Death's Door             Necr           5%         N/A       100%        9
 Dragon's Call            Summ           5%         N/A       100%        9
 Fire Storm               Conj/Fire      5%         8d1       100%        9
 Polar Vortex             Ice            5%         N/A       100%        9

Skill      XL: |  1  2  3  4  5  6  7  8  9 10 11 12 13 14 15 16 17 18 19 20 21 22 23 24 25 26 27 |
---------------+----------------------------------------------------------------------------------+-----
Axes           | 4 5 6 7 8 9 11 13 15 16 18 20 21 23 24 27 | 27.0
Fighting       | 3 4 5 6 8 9 10 12 15 16 17 19 20 22 24 25 26 27 | 27.0
Armour         | 2 4 6 8 11 14 15 17 19 21 23 24 27 | 27.0
Dodging        | 5 9 13 14 15 27 | 27.0
Invocations    | 2 5 6 11 15 16 18 19 | 19.0
Shapeshifting  | 4 11 14 17 20 22 23 24 27 | 27.0
Translocations | 10 | 10.0
Spellcasting   | 18 | 18.5
Air Magic      | 10 | 10.0
Throwing       | |  2.0

Action                     |  1- 3 |  4- 6 |  7- 9 | 10-12 | 13-15 | 16-18 | 19-21 | 22-24 | 25-27 || total
---------------------------+-------+-------+-------+-------+-------+-------+-------+-------+-------++-------
  Melee: War axe           |    80 |   126 |   355 |   736 |       |       |       |       |       ||  1297
         Headbutt          |     9 |    13 |    61 |   159 |   287 |   276 |   303 |   438 |  1385 ||  2931
         Punch             |     1 |       |     5 |     6 |     9 |       |       |       |       ||    21
         Unarmed           |       |       |    20 |     1 |       |       |       |       |       ||    21
         Battleaxe         |       |       |       |    13 |   493 |       |       |       |       ||   506
         Trident           |       |       |       |       |   545 |       |       |       |       ||   545
         Executioner's axe |       |       |       |       |   170 |  1135 |  1128 |  1367 |  4743 ||  8543
  Throw: Throwing net      |       |     3 |       |     3 |     5 |       |       |       |       ||    11
   Cast: Blink             |       |       |       |       |       |       |       |       |     6 ||     6
         Swiftness         |       |       |       |       |       |       |       |       |     1 ||     1
 Invoke: Greater Servant o |       |       |       |       |       |       |     1 |       |     1 ||     2
Ability: Siphon Essence    |       |       |       |       |       |       |       |       |     1 ||     1
  Evoke: Wand              |       |       |       |     8 |     3 |       |     1 |     8 |     1 ||    21
         Figurine of a zig |       |       |       |       |       |       |       |       |     1 ||     1
    Use: Scroll            |     2 |     4 |     3 |     3 |    22 |     3 |    10 |    12 |    35 ||    94
         Potion            |       |     4 |       |     4 |     3 |     1 |     2 |     8 |     6 ||    28
   Stab: Held in net/web   |       |     2 |       |       |     3 |       |       |       |       ||     5
         Distracted        |       |       |     1 |       |       |       |       |       |       ||     1
         Invisible         |       |       |       |       |     2 |       |       |       |       ||     2
 Armour: Leather armour    |    29 |       |       |       |       |       |       |       |       ||    29
         Ring mail         |    27 |       |       |       |       |       |       |       |       ||    27
         Scale mail        |    12 |    90 |       |       |       |       |       |       |       ||   102
         Skin              |       |    26 |    11 |     3 |       |       |       |       |       ||    40
         Plate armour      |       |     1 |   329 |   640 |   665 |       |       |       |       ||  1635
         Crystal plate arm |       |       |       |       |   321 |  1189 |  1180 |   617 |       ||  3307
         Gold dragon scale |       |       |       |       |       |       |       |   837 |  4396 ||  5233
  Dodge: Dodged            |    73 |    60 |   128 |   336 |   646 |   694 |   415 |   505 |  2871 ||  5728
  Block: Other             |       |       |       |       |       |       |       |       |    91 ||    91
   Form: Death             |       |       |       |       |       |       |     1 |     3 |     3 ||     7
                           |       |       |       |       |       |       |     1 |     2 |     2 ||     5

Inventory:

Hand Weapons
 a - a +9 executioner's axe of electrocution (weapon)
 b - a +9 executioner's axe of flaming
 c - a +9 executioner's axe of freezing
Missiles
 V - 5 throwing nets
Armour
 d - a +0 pair of gloves of strength (worn)
 l - a +2 pair of boots of stealth (worn)
 n - a +2 cloak of willpower (worn) {Will+}
 o - a +1 pair of boots of rampaging
 F - the -2 hat of the Alchemist (worn) {rElec rPois rF+ rC+ rN+ Will+ rMut rCorr} rF+: It protects you from fire. rC+: It protects you from cold. rElec: It insulates you from electricity. rPois: It protects you from poison rN+: It protects you from negative energy. Will+: It increases your willpower. rCorr: It protects you from acid and corrosion. rMut: It protects you from mutation.
 K - +7 gold dragon scales (worn)
Jewellery
 e - the ring "Kuikiemi" (right hand) {Fly EV+5 Int+2 Stlth+}

   [ring of evasion]

   EV+5:      It affects your evasion (+5).
   Int+2:     It affects your intelligence (+2).
   Fly:       It grants you flight.
   Stlth+:    It makes you more stealthy.
 g - the ring of Coaxzigo {rF+ rC- rCorr Dex+3}

   [ring of resist corrosion]

   Dex+3:     It affects your dexterity (+3).
   rF+:       It protects you from fire.
   rC-:       It makes you vulnerable to cold.
   rCorr:     It protects you from acid and corrosion.
 j - the amulet of Vitality (around neck) {RegenMP++ Regen++}

   [amulet of magic regeneration]

   RegenMP:   It increases your rate of magic regeneration.
   Regen++:   It increases your rate of health regeneration.
 p - the ring "Bopoipp" {rF+ Slay+4}

   [ring of slaying]

   Slay+4:    It affects your accuracy & damage with ranged weapons and melee
   (+4).
   rF+:       It protects you from fire.
 s - the ring "Wimu" {rElec Will+ Str+6}

   [ring of strength]

   Str+6:     It affects your strength (+6).
   rElec:     It insulates you from electricity.
   Will+:     It increases your willpower.
 z - the ring "Wuleixit" {rF+ rN++}

   [ring of protection from fire]

   rF+:       It protects you from fire.
   rN++:      It greatly protects you from negative energy.
 A - a ring of the Octopus King {HP+2 AC+2 EV+2 SH+2 SInv}

   [ring of see invisible]

   AC+2:      It affects your AC (+2).
   EV+2:      It affects your evasion (+2).
   HP+2:      It affects your health (+2).
   SInv:      It lets you see invisible.
   SH+2:      It affects your SH (+2).
 I - the amulet of the Four Winds {rN+ Will+++ Clar}

   [amulet of nothing]

   rN+:       It protects you from negative energy.
   Will+++:   It greatly increases your willpower.
   Clar:      It protects you from confusion, rage, mesmerisation and fear.
 J - the ring of Departure (left hand) {Drain rPois rF+ AC+4 Str+5}

   [ring of protection]

   AC+4:      It affects your AC (+4).
   Str+5:     It affects your strength (+5).
   rF+:       It protects you from fire.
   rPois:     It protects you from poison Drain: It drains your maximum health
   when unequipped.
 O - the amulet "Katre" {Reflect rCorr SH+5}

   [amulet of reflection]

   Reflect:   It reflects blocked missile attacks.
   rCorr:     It protects you from acid and corrosion.
   SH+5:      It affects your SH (+5).
 R - the ring of Bediteod {rF++ rN+ Will+ Dex+2}

   [ring of positive energy]

   Dex+2:     It affects your dexterity (+2).
   rF++:      It greatly protects you from fire.
   rN+:       It protects you from negative energy.
   Will+:     It increases your willpower.
 Y - the ring "Nudwonk" {rN+ rCorr Str+2}

   [ring of resist corrosion]

   Str+2:     It affects your strength (+2).
   rN+:       It protects you from negative energy.
   rCorr:     It protects you from acid and corrosion.
Talismans
 x - the talisman of death of the King of the Hill (active) {Int+5 Stlth+}

   [talisman of death]

   Int+5:     It affects your intelligence (+5).
   Stlth+:    It makes you more stealthy.
Scrolls
 f - 3 scrolls of fog
 k - 3 scrolls of immolation
 r - 45 scrolls of identify
 t - 32 scrolls of teleportation
 y - a scroll of revelation
 B - 5 scrolls of blinking
 C - 4 scrolls of noise
 G - 2 scrolls of silence
 H - 7 scrolls of fear
 S - 8 scrolls of enchant weapon
 X - 5 scrolls of butterflies
 Z - a scroll of enchant armour
Potions
 h - 8 potions of haste
 i - 3 potions of ambrosia
 m - 8 potions of might
 q - 20 potions of heal wounds
 w - 28 potions of curing
 D - 13 potions of mutation
 E - 4 potions of enlightenment
 N - 4 potions of cancellation
 Q - 9 potions of attraction
Miscellaneous
 u - a phantom mirror


You were on level 6 of the Iron City of Dis.
You worshipped Makhleb.
Makhleb was exalted by your worship.
You were an undying horror.
You visited 18 branches of the dungeon, and saw 86 of its levels.
You visited Pandemonium 2 times, and saw 13 of its levels.
You visited the Abyss 1 time.
You also visited: Ice Cave and Desolation.

You collected 19776 gold pieces.
You spent 9299 gold pieces at shops.

Dungeon Overview and Level Annotations

Branches:
Dungeon (15/15)            Temple (1/1) D:4            Lair (5/5) D:11
 Shoals (4/4) Lair:3        Snake (4/4) Lair:2        Slime (5/5) Lair:5
    Orc (2/2) D:10            Elf (3/3) Orc:2        Vaults (5/5) D:14
  Crypt (3/3) Vaults:2       Tomb (3/3) Crypt:3      Depths (4/4) D:15
   Hell (visited)             Dis (4/7) Hell            Geh (7/7) Hell
    Coc (7/7) Hell            Tar (7/7) Hell            Zot (5/5) Depths:4
  IceCv (visited)         Desolation (visited)

Altars:
Ashenzari
Cheibriados
Dithmenos
Elyvilon
Fedhas
Gozag
Hepliaklqana
Kikubaaqudgha
Makhleb
Nemelex Xobeh
Okawaru
Qazlal
Ru
Sif Muna
Trog
Uskayaw
Vehumet
Wu Jian
Xom
Yredelemnul
Zin
The Shining One
Jiyva

Shops:
D:4 :   D:5 *[=*   D:6 *   D:14 *   Orc:2 [(=!   Elf:1 !   Snake:1 :?[(
Snake:2 ::=   Snake:3 ?   Vaults:4 (   Depths:2 *   Depths:4 [

Portals:
Hell: Depths:1 Depths:2 Depths:3 Depths:4
Abyss: Depths:3 Depths:4
Pandemonium: Depths:1 Depths:2 Depths:4
Ziggurat: Dis:6 Depths:3

Annotations:
Depths:4 exclusion: 3 draconian stormcallers

###########
#...1'....#
#...z#
#...E#
#...## #.^.
#.9. #.C.
#... #...


You could see an iron golem, an iron giant, a Hell Sentinel and a quicksilver
elemental.

Notes
Turn   | Place    | Note
-------+----------+-------------------------------------------
     0 | D:1      | theanonym the Minotaur Gladiator began the quest for the
                  | Orb.
     0 | D:1      | Reached XP level 1. HP: 18/18 MP: 0/0
    98 | D:1      | Reached skill level 4 in Axes
   162 | D:1      | Reached XP level 2. HP: 25/25 MP: 1/1
   400 | D:1      | Reached skill level 3 in Fighting
   450 | D:1      | Reached XP level 3. HP: 31/31 MP: 2/2
   759 | D:2      | Reached skill level 5 in Axes
   862 | D:1      | Reached XP level 4. HP: 38/39 MP: 3/3
   868 | D:1      | HP: 16/39 [something/magic dart (9)]
   896 | D:1      | HP: 19/39 [something (1)]
   901 | D:1      | HP: 9/39 [orc wizard/+0 short sword (4)]
  1461 | D:3      | Reached skill level 4 in Fighting
  1563 | D:3      | Reached skill level 6 in Axes
  1563 | D:3      | Reached XP level 5. HP: 37/46 MP: 4/4
  2312 | D:4      | Noticed Eustachio
  2408 | D:4      | HP: 23/47 [poisoned by a scorpion]
  2409 | D:4      | Reached skill level 7 in Axes
  2409 | D:4      | Reached XP level 6. HP: 27/55 MP: 5/5
  2551 | D:3      | Killed Eustachio
  2552 | D:3      | Reached skill level 5 in Fighting
  2587 | D:4      | Found a staircase to the Ecumenical Temple.
  2593 | Temple   | Found a transporter.
  2593 | Temple   | Found a transporter.
  2593 | Temple   | Found a transporter.
  2593 | Temple   | Found a transporter.
  2593 | Temple   | Entered the Ecumenical Temple
  2612 | Temple   | Became a worshipper of Makhleb the Destroyer
  2661 | D:4      | Noticed Edmund
  2679 | D:4      | Noticed Menkaure
  2718 | D:3      | Killed Edmund
  2719 | D:3      | Reached skill level 8 in Axes
  2719 | D:3      | Reached XP level 7. HP: 50/62 MP: 6/6
  2730 | D:4      | HP: 23/62 [Menkaure (12)]
  2731 | D:4      | Killed Menkaure
  2732 | D:4      | Reached skill level 6 in Fighting
  2976 | D:4      | Found Wiehesus's Self-Improvement Boutique.
  3066 | D:4      | Found a bloodstained altar of Trog.
  3478 | D:5      | Identified the "Ereab Diwn"
  3478 | D:5      | Entered Level 5 of the Dungeon
  3478 | D:5      | Found Fiwi's Armour Shoppe.
  3478 | D:5      | Found Hiuvix's Assorted Antiques.
  3490 | D:5      | Reached skill level 9 in Axes
  3505 | D:4      | Reached skill level 1 in Armour
  3565 | D:5      | Reached * piety under Makhleb
  3673 | D:5      | Found Ytouv's Assorted Antiques.
  3679 | D:5      | Bought a pair of gloves for 135 gold pieces
  3718 | D:5      | Bought a +0 cloak for 49 gold pieces
  3738 | D:5      | Found Oghuh's Jewellery Boutique.
  3746 | D:5      | theanonym: ?maw
  3746 | D:5      | theanonym: ??
  3746 | D:5      | theanonym: ?
  3746 | D:5      | theanonym: /beem
  3746 | D:5      | theanonym: ?beem
  3746 | D:5      | theanonym: !subscribe
  3746 | D:5      | beem: User theanonym is already subscribed
  3746 | D:5      | theanonym: ??maw
  3746 | D:5      | beem: I don't have a page labeled maw in my learndb. Did
                  | you mean: mac, saw, ~aw.
  3746 | D:5      | theanonym: ??maw talisman
  3746 | D:5      | beem: maw form[1/2]: Gives you an enormous extra mouth in
                  | your stomach! (All the better to eat you with, my dear.)
                  | Melds body armour, adds a 'maw' aux with a 50% trigger
                  | chance per-attack and up to 18 base damage. On any melee
                  | kill (with aux or otherwise), has a 50% chance to heal you,
                  | depending on shapeshifting skill and victim HD.
  3746 | D:5      | theanonym: ??maw talisman[1
  3746 | D:5      | beem: maw form[1/2]: Gives you an enormous extra mouth in
                  | your stomach! (All the better to eat you with, my dear.)
                  | Melds body armour, adds a 'maw' aux with a 50% trigger
                  | chance per-attack and up to 18 base damage. On any melee
                  | kill (with aux or otherwise), has a 50% chance to heal you,
                  | depending on shapeshifting skill and victim HD.
  3746 | D:5      | theanonym: ??maw talisman[2
  3746 | D:5      | beem: maw form[2/2]: Sort of retroactively inspired by the
                  | Brazilian mapinguari - after coming up with the basic
                  | concept, we went looking for something existing that was
                  | similar. New in 0.31.
  3757 | D:5      | Bought a scroll of identify for 44 gold pieces
  3806 | D:5      | Reached skill level 2 in Armour
  3828 | D:5      | Reached XP level 8. HP: 55/71 MP: 7/7
  3842 | D:5      | Reached skill level 7 in Fighting
  3842 | D:5      | Reached skill level 10 in Axes
  3842 | D:5      | Reached skill level 3 in Armour
  4176 | D:6      | Found Zuxtotov's CLEARANCE SALE!.
  4405 | D:6      | Reached skill level 4 in Armour
  4557 | D:6      | Reached skill level 11 in Axes
  4745 | D:6      | Reached skill level 8 in Fighting
  4745 | D:6      | Reached XP level 9. HP: 58/81 MP: 8/8
  4758 | D:6      | Reached ** piety under Makhleb
  4867 | D:6      | Found a basalt altar of Yredelemnul.
  4867 | D:6      | Found a sacrificial altar of Ru.
  5275 | D:7      | Reached skill level 5 in Armour
  5295 | D:6      | HP: 38/81 [something (3)]
  5298 | D:6      | HP: 15/81 [something (6)]
  5753 | D:7      | Reached skill level 12 in Axes
  5803 | D:7      | Reached skill level 6 in Armour
  6170 | D:7      | Reached *** piety under Makhleb
  6175 | D:7      | Reached skill level 9 in Fighting
  6796 | D:8      | Reached skill level 13 in Axes
  6852 | D:8      | Reached **** piety under Makhleb
  6853 | D:8      | Reached XP level 10. HP: 80/91 MP: 9/9
  6859 | D:8      | Reached skill level 7 in Armour
  6916 | D:8      | Noticed a soul eater
  6922 | D:8      | HP: 44/91 [orc priest/divine providence (10)]
  7258 | D:8      | Found an ancient bone altar of Kikubaaqudgha.
  7633 | D:9      | Identified the "Mosky"
  7662 | D:9      | Noticed Erica
  7674 | D:9      | Killed Erica
  7675 | D:9      | Reached skill level 10 in Fighting
  7685 | D:8      | Reached skill level 14 in Axes
  7744 | D:8      | Reached ***** piety under Makhleb
  7821 | D:9      | HP: 46/93 [poisoned by a killer bee]
  7829 | D:8      | HP: 24/93 [something (13)]
  8145 | D:8      | HP: 38/93 [something (12)]
  8151 | D:8      | HP: 27/93 [something (5)]
  8156 | D:8      | HP: 24/93 [something (5)]
  8158 | D:8      | HP: 11/93 [something (12)]
  8162 | D:8      | HP: 5/93 [something (5)]
  8430 | D:7      | Reached skill level 8 in Armour
  8518 | D:9      | Noticed a two-headed ogre
  8526 | D:9      | HP: 47/94 [two-headed ogre/+0 giant club (1)]
  8529 | D:9      | HP: 23/94 [two-headed ogre/+0 giant club (9)]
  9339 | D:9      | Killed a two-headed ogre
  9340 | D:9      | Reached skill level 15 in Axes
  9363 | D:10     | Entered Level 10 of the Dungeon
  9370 | D:10     | Found a staircase to the Orcish Mines.
  9389 | D:10     | Reached XP level 11. HP: 75/101 MP: 10/10
  9538 | D:10     | Reached skill level 9 in Armour
  9549 | Orc:1    | Entered Level 1 of the Orcish Mines
  9862 | Orc:1    | Reached skill level 11 in Fighting
 10163 | Orc:1    | Noticed an orc sorcerer
 10173 | Orc:1    | Paralysed by an orc sorcerer for 5 turns
 10179 | Orc:1    | Killed an orc sorcerer
 10774 | D:10     | Found a runed translucent gate.
 10774 | D:10     | Found a runed translucent gate.
 10774 | D:10     | Found a runed translucent gate.
 10792 | D:10     | Noticed a two-headed ogre
 10804 | D:10     | Killed a two-headed ogre
 11040 | D:10     | Noticed Maggie
 11051 | D:10     | HP: 45/102 [Maggie/+0 halberd of flaming (8)]
 11058 | D:10     | Killed Maggie
 11358 | D:10     | Noticed zero's ghost (journeyman MiGl)
 11538 | D:11     | Noticed Maurice
 11552 | D:11     | Something stole an amulet of regeneration
 11553 | D:11     | Something stole 3 throwing nets
 11561 | D:11     | Killed Maurice
 11562 | D:11     | Reached skill level 16 in Axes
 11715 | D:11     | Found a staircase to the Lair.
 11749 | D:11     | Reached skill level 10 in Armour
 11925 | D:11     | Noticed a green ugly thing
 11950 | D:10     | Killed a green ugly thing
 11951 | D:10     | Reached skill level 4 in Dodging
 12025 | D:11     | Reached skill level 12 in Fighting
 12079 | D:11     | Noticed a two-headed ogre
 12099 | D:11     | Killed a two-headed ogre
 12165 | D:11     | Noticed Psyche
 12216 | D:11     | Killed Psyche
 12651 | Lair:1   | Entered Level 1 of the Lair of Beasts
 12660 | D:11     | Reached skill level 5 in Dodging
 12800 | Lair:1   | Reached skill level 11 in Armour
 12825 | Lair:1   | Reached XP level 12. HP: 68/113 MP: 11/11
 13140 | Lair:1   | Reached skill level 13 in Fighting
 13240 | Lair:1   | Reached ****** piety under Makhleb
 13792 | Lair:2   | Reached skill level 12 in Armour
 13893 | Lair:2   | Reached skill level 14 in Fighting
 13950 | Lair:2   | HP: 59/118 [poisoned by a cane toad]
 14097 | Lair:2   | Noticed Urug
 14114 | Lair:2   | Killed Urug
 14115 | Lair:2   | Reached skill level 13 in Armour
 14290 | Lair:2   | Found a runed translucent door.
 14291 | Lair:2   | Noticed Chipwarrior's ghost (journeyman DrAE)
 14397 | Lair:2   | Noticed Nergalle
 14410 | Lair:2   | Reached skill level 15 in Fighting
 14415 | Lair:2   | Killed Nergalle
 14474 | Lair:2   | Found a staircase to the Snake Pit.
 14793 | Lair:3   | Noticed a boulder beetle
 14809 | Lair:2   | Reached skill level 14 in Armour
 14809 | Lair:2   | Reached XP level 13. HP: 127/127 MP: 12/12
 14923 | Lair:2   | HP: 62/127 [boulder beetle (43)]
 14934 | Lair:3   | Found a staircase to the Shoals.
 15078 | Lair:3   | Found the +8 trident of the Octopus King {venom, rElec
                  | rPois}
 15542 | Lair:3   | Reached skill level 17 in Axes
 15820 | Lair:4   | theanonym: ??octopus king
 15820 | Lair:4   | beem: octopus king[1/1]: see {trident of the octopus king}
                  | or {ring of the octopus king}
 15820 | Lair:4   | theanonym: ??octopus king trident
 15820 | Lair:4   | beem: I don't have a page labeled octopus_king_trident in
                  | my learndb.
 15820 | Lair:4   | theanonym: ??trident of the
 15820 | Lair:4   | beem: I don't have a page labeled trident_of_the in my
                  | learndb.
 15820 | Lair:4   | theanonym: ??trident of the octopus
 15820 | Lair:4   | beem: I don't have a page labeled trident_of_the_octopus in
                  | my learndb.
 15820 | Lair:4   | theanonym: ??trident of the octopus king
 15820 | Lair:4   | beem: trident of the octopus king[1/1]: +8 trident of the
                  | Octopus King {venom, rElec rPois Will+}. Gains +2 for every
                  | {ring of the octopus king} worn. Loses Will+ in 0.28.
 16032 | Lair:4   | You are sucked into a shaft and drop 1 floor!
 16032 | Lair:5   | Entered Level 5 of the Lair of Beasts
 16035 | Lair:5   | Noticed Sonja
 16046 | Lair:5   | Reached skill level 16 in Fighting
 16046 | Lair:5   | Killed Sonja
 16126 | Lair:4   | Reached skill level 15 in Armour
 16290 | Lair:4   | Reached skill level 18 in Axes
 16883 | Lair:5   | Reached XP level 14. HP: 136/138 MP: 13/13
 17005 | Lair:5   | HP: 66/138 [death yak (16)]
 17009 | Lair:5   | Found a staircase to the Slime Pits.
 17088 | Lair:5   | Found a viscous altar of Jiyva.
 17176 | Lair:5   | Noticed Rupert
 17267 | Lair:5   | Noticed Kirke
 17283 | Lair:5   | Killed Kirke
 17836 | Lair:5   | Reached skill level 19 in Axes
 18312 | Lair:5   | HP: 43/138 [Rupert/+0 great sword of electrocution (36)]
 18355 | Lair:5   | Killed Rupert
 18356 | Lair:5   | Reached skill level 17 in Fighting
 18356 | Lair:5   | Reached skill level 16 in Armour
 18411 | Lair:5   | Found a staircase to the Slime Pits.
 18427 | Lair:5   | Found a viscous altar of Jiyva.
 18840 | Lair:5   | Found a viscous altar of Jiyva.
 18855 | Lair:5   | Found a staircase to the Slime Pits.
 19866 | Lair:5   | Found a staircase to the Slime Pits.
 19867 | Lair:5   | Found a viscous altar of Jiyva.
 20549 | Lair:5   | Found a staircase to the Slime Pits.
 20630 | Lair:5   | Found a viscous altar of Jiyva.
 21215 | D:5      | Bought a scroll labelled NIVAEPO VITENAY for 30 gold pieces
 21215 | D:5      | Bought a potion of lignification for 90 gold pieces
 21215 | D:5      | Bought a potion of heal wounds for 150 gold pieces
 21215 | D:5      | Bought a potion of enlightenment for 150 gold pieces
 21241 | D:5      | Bought a scroll of teleportation for 66 gold pieces
 21241 | D:5      | Bought a potion of cancellation for 176 gold pieces
 21241 | D:5      | Bought a peridot ring for 110 gold pieces
 21535 | Orc:2    | Entered Level 2 of the Orcish Mines
 21790 | Orc:1    | HP: 58/140 [orc warrior/+0 glaive[an orc knight] (25)]
 21793 | Orc:1    | HP: 27/140 [orc warrior/+0 glaive[an orc knight] (16)]
 22078 | Orc:2    | Found Agogioqe's Distillery.
 22212 | Orc:2    | Found Orroip's Jewellery Boutique.
 22255 | Orc:2    | Found a runed translucent gate.
 22255 | Orc:2    | Found a runed translucent gate.
 22255 | Orc:2    | Found a runed translucent gate.
 22267 | Orc:2    | Identified the ring "Telob" {Ice rN+ Dex+2}
 22299 | Orc:2    | Noticed Gruesome's ghost (journeyman OpSh)
 22332 | Orc:2    | Found a staircase to the Elven Halls.
 22771 | Orc:2    | Noticed an orc warlord
 22810 | Orc:2    | HP: 65/140 [poisoned by you (poison gas)]
 23041 | Orc:2    | Noticed Saint Roka
 23065 | Orc:2    | HP: 70/140 [Saint Roka/+0 war axe (4)]
 23072 | Orc:2    | Killed Saint Roka
 23129 | Orc:2    | Found Gixiene's Antique Armour Boutique.
 23131 | Orc:2    | Found Muluhaag's Antique Weapon Shop.
 23150 | Orc:2    | Bought a pair of embroidered gloves for 277 gold pieces
 23387 | Orc:2    | Killed an orc warlord
 23388 | Orc:2    | Reached skill level 20 in Axes
 23427 | Orc:2    | Found a staircase to the Elven Halls.
 23670 | Orc:2    | Found Muluhaag's Antique Weapon Shop.
 23674 | Orc:2    | Found Gixiene's Antique Armour Boutique.
 23910 | Orc:2    | Found Orroip's Jewellery Boutique.
 23938 | Orc:2    | Found Agogioqe's Distillery.
 24054 | Orc:2    | Killed Gruesome's ghost
 24068 | Orc:1    | Reached skill level 17 in Armour
 24068 | Orc:1    | Reached skill level 1 in Invocations
 24502 | D:12     | Found a frozen archway.
 24517 | D:12     | Reached skill level 2 in Invocations
 24528 | IceCv    | Entered an ice cave
 24612 | IceCv    | Reached XP level 15. HP: 143/149 MP: 15/15
 24671 | IceCv    | theanonym: ??crystal plate
 24671 | IceCv    | beem: crystal plate armour[1/2]: 14AC, 23ER.
 24671 | IceCv    | theanonym: ??crystal plate{2
 24671 | IceCv    | beem: I don't have a page labeled crystal_plate{2 in my
                  | learndb.
 24671 | IceCv    | theanonym: ??crystal plate[2
 24671 | IceCv    | beem: crystal plate armour[2/2]: The probability that a
                  | randart CPA is +23 (the max possible) is exactly
                  | 101/112500.
 24806 | IceCv    | Reached skill level 3 in Invocations
 24809 | IceCv    | Identified the -1 hat of Honour {Str+3 Int+2 Stlth-}
 24991 | D:12     | Noticed Josephine
 25005 | D:12     | Killed Josephine
 25138 | D:12     | Found a stormy altar of Qazlal.
 25218 | D:12     | Reached skill level 18 in Fighting
 25483 | D:13     | Reached skill level 18 in Armour
 25559 | D:13     | Reached skill level 4 in Invocations
 26304 | D:14     | Found Daokewun's Assorted Antiques.
 26324 | D:14     | Bought a scroll labelled SIDWUSAHOSK for 36 gold pieces
 26324 | D:14     | Identified a scroll of acquirement
 26325 | D:14     | Acquired 732 gold pieces
 26435 | D:14     | Reached skill level 5 in Invocations
 26491 | D:14     | Acquired a +4 executioner's axe of electrocution
 26588 | D:14     | Identified the +2 long sword "Fiyzoxao" {pain, *Rage rN+++
                  | Dex-4 Stlth+}
 26701 | D:14     | Reached skill level 19 in Armour
 26729 | D:14     | Found a gate to the Vaults.
 27297 | D:15     | Entered Level 15 of the Dungeon
 27392 | D:15     | Found a staircase to the Depths.
 28236 | Snake:1  | Entered Level 1 of the Snake Pit
 28236 | Snake:1  | Found Tutiohox's Weapon Emporium.
 28354 | Snake:1  | Reached skill level 19 in Fighting
 28471 | Snake:1  | Found Sufuxaim's Magic Scroll Boutique.
 28474 | Snake:1  | Found Ovok's Antique Armour Shoppe.
 28497 | Snake:1  | Reached skill level 21 in Axes
 28498 | Snake:1  | Bought the -2 hat of the Alchemist {rElec rPois rF+ rC+ rN+
                  | Will+ rMut rCorr} for 1463 gold pieces
 28498 | Snake:1  | Found the -2 hat of the Alchemist {rElec rPois rF+ rC+ rN+
                  | Will+ rMut rCorr}
 28578 | Snake:1  | Reached XP level 16. HP: 158/160 MP: 9/18
 28582 | Snake:1  | Reached skill level 20 in Armour
 28647 | Snake:1  | Found Funelu's Book Emporium.
 28659 | Snake:1  | Bought a scroll of revelation for 142 gold pieces
 29061 | Snake:2  | Found Nuhomir's Book Shop.
 29062 | Snake:2  | Found Qukhlyqa's Jewellery Emporium.
 29063 | Snake:2  | Found Nit Zygg's Book Shop.
 29086 | Snake:2  | theanonym: ??Necromutation
 29086 | Snake:2  | beem: necromutation[1/2]: L8 Necro/Tmut that induces
                  | lichform: draining-brand UC (+5 base damage), +6 AC, Will+,
                  | rC+, necromancy enhancer, and undead for all game purposes
                  | (NO POTIONS, rN+++, rPois, mutation immunity, torment
                  | immunity, no transformations, no berserk, dispel undead
                  | vulnerability, no ddoor or borg or bloodsub)
 29086 | Snake:2  | theanonym: ??Necromutation[2
 29086 | Snake:2  | beem: necromutation[2/2]: Contrary to popular belief, not
                  | required (or necessarily even advisable) for a "caster"
                  | even if you are planning to all-rune.
 29086 | Snake:2  | theanonym: ??Necromutation
 29086 | Snake:2  | beem: necromutation[1/2]: L8 Necro/Tmut that induces
                  | lichform: draining-brand UC (+5 base damage), +6 AC, Will+,
                  | rC+, necromancy enhancer, and undead for all game purposes
                  | (NO POTIONS, rN+++, rPois, mutation immunity, torment
                  | immunity, no transformations, no berserk, dispel undead
                  | vulnerability, no ddoor or borg or bloodsub)
 29086 | Snake:2  | theanonym: ??Necronomicon
 29086 | Snake:2  | beem: necronomicon[1/1]: Borgnjor's Revivification, Haunt,
                  | Death's Door, Infestation, Necromutation - In 0.16 and
                  | earlier, you were required to have 6 spellcasting and 10
                  | necromancy to memorize spells out of this book.
 29086 | Snake:2  | Upgraded the game from 0.31-a0-948-gf5be29c462 to
                  | 0.31-a0-960-g0fca184906
 29754 | Snake:3  | Reached skill level 22 in Axes
 29779 | Snake:3  | Noticed Nikola
 29789 | Snake:3  | Killed Nikola
 29790 | Snake:3  | Reached skill level 21 in Armour
 29878 | Snake:3  | Identified the +4 spear of a Gauntlet {flame, Int+4}
 29913 | Snake:3  | Noticed Jorgrun
 29923 | Snake:3  | Killed Jorgrun
 30167 | Snake:3  | Reached skill level 20 in Fighting
 30544 | Snake:3  | Found Emeg's Magic Scroll Shop.
 30595 | Snake:4  | Identified the "Mijol"
 30595 | Snake:4  | Entered Level 4 of the Snake Pit
 30847 | Snake:4  | HP: 68/162 [naga/+0 heavy trident (15)]
 30858 | Snake:4  | HP: 80/162 [poisoned by a naga (splash of poison)]
 31138 | Snake:4  | Reached skill level 23 in Axes
 31240 | Snake:4  | Reached XP level 17. HP: 170/170 MP: 19/19
 31313 | Snake:4  | Reached skill level 22 in Armour
 31421 | Snake:4  | Acquired 542 gold pieces
 31741 | Snake:4  | Got a serpentine rune of Zot
 32159 | Snake:4  | Reached skill level 24 in Axes
 32161 | Snake:4  | Learned a level 1 spell: Apportation
 32164 | Snake:4  | Learned a level 2 spell: Blink
 32244 | Shoals:1 | Entered Level 1 of the Shoals
 32459 | Shoals:1 | Identified the +3 quarterstaff of Trauma {antimagic, *Slow
                  | rPois rF+ Str+6}
 32612 | Shoals:1 | Reached skill level 6 in Dodging
 32624 | Shoals:1 | Reached skill level 6 in Invocations
 33202 | Shoals:2 | Reached skill level 7 in Dodging
 33275 | Shoals:2 | theanonym: ??minotaur
 33275 | Shoals:2 | beem: minotaur[1/5]: Horns, all that sort of thing. Nasty
                  | things that gore you, and are chosen to be guardians for
                  | {Gauntlet}s.
 33275 | Shoals:2 | theanonym: ??minotaur{2
 33275 | Shoals:2 | beem: I don't have a page labeled minotaur{2 in my learndb.
 33275 | Shoals:2 | theanonym: ??minotaur[2
 33275 | Shoals:2 | beem: minotaur[2/5]: Also a bashy player race.
 33275 | Shoals:2 | theanonym: ??minotaur[3
 33275 | Shoals:2 | beem: minotaur[3/5]:
                  | http://www.gunnerkrigg.com/comics/00000030.jpg
 33275 | Shoals:2 | theanonym: ??minotaur[4
 33275 | Shoals:2 | beem: minotaur[4/5]:
                  | http://cs416320.vk.me/v416320592/5452/2RmMEqZNzAk.jpg
 33275 | Shoals:2 | theanonym: ??minotaur[5
 33275 | Shoals:2 | beem: minotaur[5/5]: https://i.imgur.com/73mBTPL.jpg
 33275 | Shoals:2 | theanonym: ??mi
 33275 | Shoals:2 | beem: minotaur[2/5]: Also a bashy player race.
 33275 | Shoals:2 | theanonym: ??mi race
 33275 | Shoals:2 | beem: I don't have a page labeled mi_race in my learndb.
 33597 | Shoals:2 | Reached skill level 23 in Armour
 33905 | Shoals:3 | Reached skill level 8 in Dodging
 34167 | Shoals:3 | Noticed a kraken
 34174 | Shoals:3 | Killed a kraken
 34175 | Shoals:3 | Reached skill level 9 in Dodging
 34175 | Shoals:3 | Reached XP level 18. HP: 132/178 MP: 22/22
 34476 | Shoals:3 | Noticed Ilsuiw
 34509 | Shoals:3 | Killed Ilsuiw
 34673 | Shoals:3 | Reached skill level 10 in Dodging
 34847 | Shoals:4 | Identified the "Ogestots"
 34847 | Shoals:4 | Entered Level 4 of the Shoals
 34863 | Shoals:4 | Noticed Bai Suzhen
 34878 | Shoals:4 | Killed Bai Suzhen
 34924 | Shoals:4 | Reached skill level 11 in Dodging
 34933 | Shoals:4 | HP: 89/178 [merfolk javelineer/silver javelin (3)]
 34936 | Shoals:4 | HP: 42/178 [water nymph/the raging water (27)]
 35334 | Shoals:4 | Got a barnacled rune of Zot
 35439 | Shoals:4 | Identified the +9 hand axe of Defilement {flame, rF+ Str+6
                  | Dex-4 SInv}
 35449 | Shoals:4 | Reached skill level 12 in Dodging
 35453 | Shoals:4 | Reached skill level 7 in Invocations
 36051 | Shoals:4 | Found the +0 mask of the Dragon {Will+ Slay+3 SInv}
 36094 | Shoals:4 | Identified the ring "Wuleixit" {rF+ rN++}
 36320 | Desolati | Identified the "Kena"
 36320 | Desolati | Identified the "Elewnivu"
 36320 | Crypt:3  | Identified the "Baum"
 36320 | Crypt:3  | Identified the "Iromacas"
 36320 | Depths:2 | Identified the "Yhiyskur"
 36320 | Elf:1    | Identified the of Katys
 36320 | Elf:1    | Entered Level 1 of the Elven Halls
 36342 | Elf:1    | Reached skill level 8 in Invocations
 36451 | Elf:1    | Reached skill level 13 in Dodging
 36607 | Elf:1    | Reached skill level 9 in Invocations
 36743 | Elf:1    | Found Naepakk's Distillery.
 36916 | Elf:1    | Noticed a Hell Sentinel
 37117 | Elf:1    | Reached skill level 10 in Invocations
 37570 | Elf:2    | Found a runed translucent gate.
 37570 | Elf:2    | Found a runed translucent gate.
 37572 | Elf:2    | Found a runed translucent gate.
 37708 | Elf:2    | Reached skill level 11 in Invocations
 37992 | Elf:2    | Reached XP level 19. HP: 185/185 MP: 26/26
 38068 | Elf:2    | Reached skill level 12 in Invocations
 38370 | Elf:3    | Identified the "Nuteunuf"
 38370 | Elf:3    | Entered Level 3 of the Elven Halls
 38486 | Elf:3    | Reached skill level 13 in Invocations
 38695 | Elf:3    | HP: 77/185 [deep elf annihilator/iron shot (66)]
 38700 | Elf:3    | HP: 65/185 [poisoned by a deep elf annihilator (poison
                  | arrow)]
 38706 | Elf:2    | HP: 66/185 [poisoned by a deep elf annihilator (poison
                  | arrow)]
 38711 | Elf:2    | HP: 68/185 [poisoned by a deep elf annihilator (poison
                  | arrow)]
 38851 | Elf:3    | Reached skill level 14 in Invocations
 38922 | Elf:3    | Found an ancient bone altar of Kikubaaqudgha.
 39318 | Elf:3    | Reached skill level 15 in Invocations
 39393 | Elf:3    | theanonym: ??talisman of death
 39393 | Elf:3    | beem: death form[1/3]: A fate worse than death. Has undead
                  | resists (rC, rPois+inf, rHoly-, etc), Will+, UC bonus dam,
                  | big debuffs on melee hits (incl. non-UC), and a new Siphon
                  | Essence ability. You can't drink.
 39393 | Elf:3    | theanonym: ??talisman of death[2
 39393 | Elf:3    | beem: siphon essence[1/1]: Costs 20 MP. Halves the HP of
                  | every non-nonliving creature in radius 2 (yes
                  | undead/demons/angels/trees, no statues). Heals you based on
                  | the damage done, with a cap based on Shapeshifting skill.
                  | Death Form exclusive.
 39393 | Elf:3    | theanonym: ??talisman of death[3
 39393 | Elf:3    | beem: death form[3/3]: Replaced Necromutation (aka lich
                  | form) in 0.31.
 39415 | Elf:3    | Reached skill level 1 in Shapeshifting
 39549 | Elf:3    | Identified the +0 plate armour of the Moon {rC- Regen+
                  | Str+8 Dex-2}
 39559 | Elf:3    | HP: 87/185 [deep elf master archer/arrow (9)]
 39692 | Elf:3    | Identified the storm talisman of the Hecatoncheires {Str+4
                  | Dex+3}
 39695 | Elf:3    | Identified the +3 shortbow "Utuogoax" {drain, +Blink rCorr
                  | Str+4 Int-2}
 39701 | Elf:3    | Acquired 427 gold pieces
 39727 | Elf:3    | Identified the staff of Departure {Fragile rN+ Str+3 Dex+2
                  | Necro}
 39738 | Elf:3    | Identified the +6 flail "Lodduts" {drain, rPois rC++ Int-4}
 39738 | Elf:3    | Identified the ring "Bopoipp" {rF+ Slay+4}
 39743 | Elf:3    | Reached skill level 2 in Shapeshifting
 40245 | Depths:1 | Entered Level 1 of the Depths
 40303 | Depths:1 | Reached skill level 3 in Shapeshifting
 40307 | Depths:1 | Noticed a juggernaut
 40311 | Depths:1 | Identified the amulet "Gexir" {RegenMP rPois}
 40332 | Depths:1 | HP: 73/185 [juggernaut (41)]
 40340 | Depths:1 | HP: 49/185 [juggernaut (30)]
 40537 | Vaults:1 | Entered Level 1 of the Vaults
 40553 | Vaults:1 | Reached skill level 4 in Shapeshifting
 40574 | Vaults:1 | Reached XP level 20. HP: 193/193 MP: 30/30
 40599 | Vaults:1 | Reached skill level 16 in Invocations
 40615 | Vaults:1 | Reached skill level 5 in Shapeshifting
 40832 | Vaults:1 | Reached skill level 6 in Shapeshifting
 40881 | Vaults:1 | HP: 93/193 [centaur warrior/arrow (19)]
 40965 | Vaults:1 | Reached skill level 7 in Shapeshifting
 40998 | Vaults:1 | Noticed Zenata
 41011 | Vaults:1 | HP: 94/193 [+2 heavy war axe[Zenata] (19)]
 41014 | Vaults:1 | HP: 45/193 [poisoned by a green ugly thing]
 41019 | Vaults:1 | HP: 36/193 [poisoned by a green ugly thing]
 41020 | Vaults:1 | HP: 14/193 [formless jellyfish (22)]
 41022 | Vaults:1 | Reached skill level 8 in Shapeshifting
 41258 | Vaults:1 | Reached skill level 9 in Shapeshifting
 41309 | Vaults:1 | Killed Zenata
 41917 | Vaults:2 | Found a staircase to the Crypt.
 41923 | Vaults:2 | Reached skill level 10 in Shapeshifting
 42095 | Vaults:2 | Noticed Xtahua
 42104 | Vaults:2 | Killed Xtahua
 42238 | Vaults:2 | Identified the +4 sling of Xabluuz {heavy, *Corrode rF+ rC+
                  | Str+4}
 42480 | Vaults:2 | Reached skill level 11 in Shapeshifting
 42723 | Vaults:2 | Reached skill level 21 in Fighting
 43257 | Vaults:3 | HP: 98/198 [yaktaur/bolt (5)]
 43406 | Vaults:3 | Found a crumbling gateway.
 43420 | Desolati | Entered the Desolation of Salt
 43474 | Desolati | theanonym: ??sheltered
 43474 | Desolati | beem: I don't have a page labeled sheltered in my learndb.
 43510 | Desolati | Reached skill level 22 in Fighting
 43534 | Desolati | Found the +10 dark maul {heavy}
 43540 | Desolati | Identified the +8 mace of True Grit {holy, SInv}
 43542 | Desolati | Identified the amulet "Katre" {Reflect rCorr SH+5}
 43544 | Desolati | Identified the ring of Hifim {Fly rC- Int+5 Dex+6 Slay+3}
 43590 | Desolati | Reached XP level 21. HP: 209/209 MP: 28/32
 43740 | Desolati | Found the +10 morningstar "Eos" {elec, Halo rElec}
 43743 | Desolati | Identified the amulet of Lacsen Oko {Faith -Cast Drain
                  | rF+++ SInv Stlth+}
 43753 | Desolati | Identified the staff "Hafur" {rElec rPois Will- Int+7
                  | Poison}
 43755 | Desolati | Identified the ring "Nudwonk" {rN+ rCorr Str+2}
 43918 | Desolati | Reached skill level 12 in Shapeshifting
 43955 | Desolati | Identified the +1 leather armour "Hohareg" {Str+6}
 44007 | Desolati | Reached skill level 23 in Fighting
 44584 | Vaults:3 | Reached skill level 24 in Fighting
 45324 | Vaults:4 | Reached skill level 13 in Shapeshifting
 45718 | Vaults:4 | Identified the amulet of Jytoad {Reflect SH+5 Stlth+}
 45733 | Vaults:4 | Identified the +7 rapier "Pollug" {flame, rC+ rN+ Int+2}
 46008 | Vaults:4 | Reached skill level 14 in Shapeshifting
 46511 | Vaults:4 | Found Puntif's Weapon Boutique.
 46858 | D:15     | Killed a juggernaut
 46859 | D:15     | Reached XP level 22. HP: 134/222 MP: 33/33
 46866 | Depths:1 | HP: 107/222 [stone giant (16)]
 46874 | Depths:1 | HP: 106/222 [vampire knight/+0 glaive (7)]
 46883 | Depths:1 | HP: 108/222 [spriggan berserker/+1 morningstar of holy
                  | wrath (12)]
 46890 | Depths:1 | HP: 94/222 [living spell/divine providence[a walking divine
                  | tome] (14)]
 47068 | Depths:1 | Noticed a golden dragon
 47075 | Depths:1 | Killed a golden dragon
 47076 | Depths:1 | Reached skill level 15 in Shapeshifting
 47084 | Depths:1 | Identified the granite talisman of Analof {Str+2 Stlth+}
 47259 | Depths:1 | Found a one-way gate leading to the halls of Pandemonium.
 47314 | Depths:1 | Found a bloodstained altar of Trog.
 47634 | Depths:1 | Found a gateway to Hell.
 47701 | Depths:1 | Found a basalt altar of Yredelemnul.
 48275 | Depths:2 | Found an iron altar of Okawaru.
 48328 | Depths:2 | Found Yskidul's Assorted Antiques.
 48655 | Depths:2 | Reached skill level 16 in Shapeshifting
 48802 | Depths:2 | HP: 84/222 [iron giant/+0 giant club (47)]
 49144 | Depths:3 | Noticed the Enchantress
 49154 | Abyss:2  | Cast into level 2 of the Abyss (the Enchantress)
 49251 | Abyss:3  | Found a corrupted altar of Lugonu.
 49509 | Abyss:4  | HP: 102/222 [+4 long sword of holy wrath (19)]
 49516 | Abyss:4  | HP: 94/222 [starcursed mass/accursed screaming (6)]
 49521 | Abyss:4  | HP: 91/222 [starcursed mass/accursed screaming (6)]
 49569 | Abyss:4  | HP: 103/222 [angel/+2 whip of holy wrath (12)]
 49573 | Abyss:4  | Gained mutation: You are clumsy. (Dex -2) [a neqoxec]
 49578 | Abyss:4  | HP: 73/222 [ufetubus[a ynoxinul] (3)]
 49579 | Abyss:4  | Gained mutation: You are vulnerable to heat. (rF-) [a
                  | neqoxec]
 49588 | Abyss:4  | HP: 78/222 [neqoxec (8)]
 49594 | Abyss:4  | Found a glowing golden altar of the Shining One.
 49596 | Abyss:4  | HP: 69/222 [ophan/bolt of fire (9)]
 49611 | Abyss:4  | HP: 88/222 [starcursed mass/accursed screaming (5)]
 49622 | Abyss:4  | Noticed a juggernaut
 49627 | Abyss:4  | Killed a juggernaut
 49704 | Abyss:4  | Found a corrupted altar of Lugonu.
 49782 | Abyss:4  | Reached skill level 17 in Shapeshifting
 49836 | Abyss:4  | Found an ancient bone altar of Kikubaaqudgha.
 49870 | Abyss:4  | Found an ancient bone altar of Kikubaaqudgha.
 50015 | Abyss:4  | Got an abyssal rune of Zot
 50018 | Abyss:4  | Reached XP level 23. HP: 229/229 MP: 34/34
 50046 | Depths:2 | Escaped the Abyss
 50060 | Depths:2 | Killed the Enchantress
 50220 | Depths:3 | Noticed Louise
 50232 | Depths:3 | Killed Louise
 50265 | Depths:3 | Found a one-way gate to the infinite horrors of the Abyss.
 50283 | Depths:3 | Reached skill level 18 in Shapeshifting
 50333 | Depths:3 | HP: 108/229 [hellion/damnation (30)]
 50338 | Depths:3 | HP: 104/229 [soul eater (11)]
 50350 | Depths:3 | HP: 112/229 [sun demon (16)]
 51198 | Depths:3 | Found a one-way gateway to a ziggurat.
 51324 | Depths:4 | Entered Level 4 of the Depths
 51431 | Depths:4 | Reached skill level 19 in Shapeshifting
 51826 | Depths:4 | Found a gate to the Realm of Zot.
 51947 | Depths:4 | HP: 112/229 [white draconian stormcaller/blast of cold (8)]
 51952 | Depths:4 | HP: 96/229 [poison (dark miasma)]
 52150 | Depths:4 | Found Utuoris's Armour Emporium.
 52262 | Depths:4 | Found a white marble altar of Elyvilon.
 52489 | Depths:4 | Found a blossoming altar of Fedhas.
 52982 | Vaults:5 | Entered Level 5 of the Vaults
 53049 | Vaults:5 | Noticed an ancient lich
 53072 | Vaults:5 | Killed an ancient lich
 53073 | Vaults:5 | Reached skill level 20 in Shapeshifting
 53073 | Vaults:5 | HP: 112/229 [war gargoyle/+3 morningstar of draining (18)]
 53163 | Vaults:5 | Found the ring of the Octopus King {Fly HP+2 AC+2 EV+2
                  | SH+2}
 53172 | Vaults:5 | Reached XP level 24. HP: 225/238 MP: 34/34
 53369 | Vaults:5 | Identified the staff of Putrescence {rN+ Str+7 Necro}
 53499 | Vaults:5 | Reached skill level 21 in Shapeshifting
 53747 | Vaults:5 | Identified the +1 scimitar of Qeewodd {venom, Str+3}
 53805 | Vaults:5 | HP: 109/238 [frost giant/+0 battleaxe of freezing (13)]
 53811 | Vaults:5 | HP: 110/238 [stone giant (16)]
 53976 | Vaults:5 | Identified the +2 pair of boots of the Wary Heavens {Harm
                  | rPois}
 53977 | Vaults:5 | theanonym: ??harm
 53977 | Vaults:5 | beem: harm[1/3]: Increases damage done by the wearer by
                  | 30/45% and to the wearer by 20/30% (at one/two levels,
                  | respectively). Applied after AC. It applies to damage from
                  | melee, ranged, spells, abilities, evocations, clouds,
                  | falling down stairs, etc.
 54040 | Vaults:5 | Got a silver rune of Zot
 54048 | Vaults:5 | Identified the +0 hand axe "Wylamn" {flame, *Rage rElec
                  | rPois rN+ Stlth+}
 54265 | Vaults:5 | Identified the +3 hand axe of Forgiveness {heavy, Int-5
                  | Dex+4}
 54461 | Vaults:5 | Identified the +6 scimitar of Anguish {heavy, rElec Str-5
                  | Int+4}
 54567 | Vaults:5 | Identified the ring "Wimu" {rElec Will+ Str+6}
 54861 | Crypt:1  | Entered Level 1 of the Crypt
 55016 | Crypt:1  | Reached skill level 22 in Shapeshifting
 55287 | Crypt:1  | Noticed Mennas
 55433 | Crypt:1  | Killed Mennas
 55888 | Crypt:2  | Reached XP level 25. HP: 233/245 MP: 34/34
 56049 | Crypt:2  | Acquired 736 gold pieces
 56276 | Crypt:3  | Entered Level 3 of the Crypt
 56512 | Crypt:3  | Lost mutation: You are clumsy. (Dex -2) [potion of
                  | mutation]
 56512 | Crypt:3  | Lost mutation: You are vulnerable to heat. (rF-) [potion of
                  | mutation]
 56512 | Crypt:3  | Gained mutation: You are occasionally teleported next to
                  | monsters. [potion of mutation]
 56512 | Crypt:3  | Gained mutation: Your mind is acute. (Int +4, Str/Dex -1)
                  | [potion of mutation]
 56513 | Crypt:3  | Lost mutation: Your mind is acute. (Int +4, Str/Dex -1)
                  | [potion of mutation]
 56513 | Crypt:3  | Lost mutation: You are occasionally teleported next to
                  | monsters. [potion of mutation]
 56513 | Crypt:3  | Gained mutation: You are strong-willed. (Will+) [potion of
                  | mutation]
 56513 | Crypt:3  | Gained mutation: You have large cloven feet. [potion of
                  | mutation]
 56514 | Crypt:3  | Lost mutation: You have large cloven feet. [potion of
                  | mutation]
 56514 | Crypt:3  | Lost mutation: You are strong-willed. (Will+) [potion of
                  | mutation]
 56514 | Crypt:3  | Gained mutation: Your flesh is heat resistant. (rF+)
                  | [potion of mutation]
 56514 | Crypt:3  | Gained mutation: You have a pair of large horns on your
                  | head. [potion of mutation]
 56514 | Crypt:3  | Gained mutation: You have sharp fingernails. [potion of
                  | mutation]
 56526 | Crypt:3  | Lost mutation: You have sharp fingernails. [potion of
                  | mutation]
 56526 | Crypt:3  | Lost mutation: Your flesh is heat resistant. (rF+) [potion
                  | of mutation]
 56526 | Crypt:3  | Gained mutation: Your muscles are strong. (Str +4, Int/Dex
                  | -1) [potion of mutation]
 56527 | Crypt:3  | Lost mutation: Your muscles are strong. (Str +4, Int/Dex
                  | -1) [potion of mutation]
 56527 | Crypt:3  | Lost mutation: You have a pair of large horns on your head.
                  | [potion of mutation]
 56527 | Crypt:3  | Gained mutation: You sometimes lose your temper in combat.
                  | [potion of mutation]
 56528 | Crypt:3  | Lost mutation: You sometimes lose your temper in combat.
                  | [potion of mutation]
 56528 | Crypt:3  | Gained mutation: You are robust. (+10% HP) [potion of
                  | mutation]
 56528 | Crypt:3  | Gained mutation: Your muscles are strong. (Str +4, Int/Dex
                  | -1) [potion of mutation]
 56528 | Crypt:3  | Gained mutation: Your magical capacity is low. (-10% MP)
                  | [potion of mutation]
 56628 | Crypt:3  | Noticed Boris
 56636 | Crypt:3  | Killed Boris
 56692 | Crypt:3  | Reached skill level 23 in Shapeshifting
 56846 | Crypt:3  | Noticed an ancient lich
 56847 | Crypt:3  | Found a staircase to the Tomb.
 56859 | Crypt:3  | Killed an ancient lich
 56884 | Crypt:3  | Identified the +0 cloak of Mezcal {rN+ Slay+2}
 57226 | Crypt:3  | Identified the ring of Bediteod {rF++ rN+ Will+ Dex+2}
 57226 | Crypt:3  | Noticed Sojobo
 57226 | Crypt:3  | Identified the ring of Metetab {rN+ Dex+3}
 57227 | Crypt:3  | Identified the ring "Uteledgh" {rF- rN+ rCorr Stlth+}
 57244 | Crypt:3  | Killed Sojobo
 57440 | Crypt:3  | Identified the staff of the Pyrrhic Victory {Fragile rElec
                  | rC++ Stlth+ Earth}
 57479 | Crypt:3  | Noticed Frederick
 57487 | Crypt:3  | Killed Frederick
 57666 | Crypt:3  | theanonym: ??shapeshifting
 57666 | Crypt:3  | beem: shapeshifting ~ shapeshifter[1/5]: A background that
                  | starts in beast form - with beast and flux talismans, one
                  | !lignification, and an animal skin. For the monster, see
                  | {shapeshifter[2]}.
 57666 | Crypt:3  | theanonym: ??shapeshifting[2
 57666 | Crypt:3  | beem: shapeshifting ~ shapeshifter[2/5]: Nasty creature
                  | which tends to turn into whatever creature you are least
                  | equipped to handle. Kill quickly, or drain to death, as
                  | polymorphing heals. If you see a missile-loving monster
                  | that doesn't shoot you, it's probably a shapeshifter.
 57666 | Crypt:3  | theanonym: ??shapeshifting[3
 57666 | Crypt:3  | beem: shapeshifting ~ shapeshifter[3/5]: There are usually
                  | a few in Vault:5. Specifically, next to loot. And, given
                  | time they WILL turn into azure jellies and eat your
                  | precious loot.
 57666 | Crypt:3  | theanonym: ??shapeshifting[4
 57666 | Crypt:3  | beem: shapeshifting ~ shapeshifter[4/5]: They turned into
                  | more interesting monsters in old versions: !lg *
                  | killer=~royal_jelly place!=slime 1 -tv
 57666 | Crypt:3  | theanonym: ??shapeshifting[5
 57666 | Crypt:3  | beem: shapeshifting ~ shapeshifter[5/5]: Shapeshifters can
                  | be forced to polymorph instantly by zapping with a
                  | polymorph wand!
 57987 | Orc:2    | Bought a potion of mutation for 120 gold pieces
 57987 | Orc:2    | Bought a potion of heal wounds for 75 gold pieces
 57987 | Orc:2    | Bought a potion of enlightenment for 75 gold pieces
 58144 | D:14     | Bought a scroll of teleportation for 108 gold pieces
 58144 | D:14     | Bought a scroll of teleportation for 108 gold pieces
 58144 | D:14     | Bought a scroll of fog for 144 gold pieces
 58291 | Snake:1  | Bought a scroll of enchant weapon for 142 gold pieces
 58352 | Snake:3  | Bought a scroll of enchant weapon for 142 gold pieces
 58352 | Snake:3  | Bought 2 scrolls of enchant weapon for 285 gold pieces
 58619 | Depths:2 | Bought a potion of might for 176 gold pieces
 58619 | Depths:2 | Bought a scroll of enchant weapon for 330 gold pieces
 58921 | Elf:1    | Bought a potion of resistance for 180 gold pieces
 58921 | Elf:1    | Bought a potion of haste for 180 gold pieces
 58921 | Elf:1    | Bought 2 potions of heal wounds for 180 gold pieces
 59117 | Snake:2  | Bought the ring of Departure {Drain rPois rF+ AC+4 Str+5}
                  | for 1063 gold pieces
 59342 | D:4      | Bought a manual of Fighting for 1120 gold pieces
 59342 | D:4      | Bought a manual of Fighting for 1120 gold pieces
 61064 | Slime:5  | Identified the "Bathrax"
 61064 | Tomb:1   | Entered Level 1 of the Tomb of the Ancients
 61317 | Tomb:1   | Identified the +10 rapier of a bazaar {flame, rPois Stlth+}
 61431 | Tomb:1   | Noticed a dread lich
 61439 | Tomb:1   | Killed a dread lich
 61824 | Tomb:2   | Noticed a royal mummy
 61827 | Tomb:2   | Noticed a royal mummy
 61827 | Tomb:2   | Noticed a royal mummy
 61837 | Tomb:2   | Killed a royal mummy
 61839 | Tomb:2   | Noticed a royal mummy
 61843 | Tomb:2   | Killed a royal mummy
 61847 | Tomb:2   | Killed a royal mummy
 61852 | Tomb:2   | Killed a royal mummy
 61883 | Tomb:2   | Lost intelligence.
 61940 | Tomb:2   | Reached skill level 25 in Fighting
 62238 | Tomb:1   | Noticed a royal mummy
 62238 | Tomb:1   | Noticed a royal mummy
 62238 | Tomb:1   | Noticed a royal mummy
 62238 | Tomb:1   | Noticed a royal mummy
 62238 | Tomb:1   | Noticed a royal mummy
 62241 | Tomb:1   | Noticed a royal mummy
 62245 | Tomb:1   | Noticed a royal mummy
 62247 | Tomb:1   | Noticed a royal mummy
 62247 | Tomb:1   | Killed a royal mummy
 62250 | Tomb:1   | Killed a royal mummy
 62251 | Tomb:1   | Reached skill level 14 in Dodging
 62251 | Tomb:1   | Killed a royal mummy
 62253 | Tomb:1   | Killed a royal mummy
 62254 | Tomb:1   | Reached XP level 26. HP: 199/283 MP: 30/30
 62258 | Tomb:1   | Killed a royal mummy
 62259 | Tomb:1   | Noticed a royal mummy
 62260 | Tomb:1   | Noticed a royal mummy
 62262 | Tomb:1   | Killed a royal mummy
 62263 | Tomb:1   | Noticed a royal mummy
 62264 | Tomb:1   | Killed a royal mummy
 62270 | Tomb:1   | Noticed a royal mummy
 62270 | Tomb:1   | HP: 140/284 [royal mummy/divine providence (7)]
 62271 | Tomb:1   | Noticed a royal mummy
 62272 | Tomb:1   | Noticed a royal mummy
 62273 | Tomb:1   | Killed a royal mummy
 62443 | Tomb:1   | Noticed a royal mummy
 62446 | Tomb:1   | Noticed a royal mummy
 62451 | Tomb:1   | Killed a royal mummy
 62452 | Tomb:1   | Noticed a royal mummy
 62463 | Tomb:1   | HP: 132/284 [death scarab[a royal mummy] (19)]
 62467 | Tomb:1   | Killed a royal mummy
 62467 | Tomb:1   | Killed a royal mummy
 62468 | Tomb:1   | Reached skill level 17 in Invocations
 62468 | Tomb:1   | HP: 141/284 [spore (7)]
 62470 | Tomb:1   | Killed a royal mummy
 62471 | Tomb:1   | Killed a royal mummy
 62473 | Tomb:1   | HP: 143/286 [royal mummy/divine providence (12)]
 62475 | Tomb:1   | Killed a royal mummy
 62476 | Tomb:1   | Noticed a royal mummy
 62479 | Tomb:1   | Noticed a royal mummy
 62481 | Tomb:1   | Killed a royal mummy
 62482 | Tomb:1   | Killed a royal mummy
 62483 | Tomb:1   | HP: 143/286 [royal mummy/divine providence (11)]
 62488 | Tomb:1   | HP: 65/286 [royal mummy/divine providence (12)]
 62489 | Tomb:1   | HP: 32/286 [death scarab[a royal mummy] (17)]
 62491 | Tomb:1   | Killed a royal mummy
 62678 | Tomb:1   | Noticed a royal mummy
 62695 | Tomb:1   | Killed a royal mummy
 62700 | Tomb:1   | Killed a royal mummy
 62705 | Tomb:1   | Killed a royal mummy
 62724 | Tomb:1   | Noticed a royal mummy
 62736 | Tomb:1   | Noticed a royal mummy
 62738 | Tomb:1   | Killed a royal mummy
 62739 | Tomb:1   | Reached skill level 26 in Fighting
 62749 | Tomb:1   | Killed a royal mummy
 62750 | Tomb:1   | Reached skill level 24 in Armour
 62830 | Tomb:1   | Noticed a royal mummy
 62839 | Tomb:1   | Killed a royal mummy
 62901 | Tomb:2   | Reached skill level 24 in Shapeshifting
 63606 | Zot:1    | Entered Level 1 of the Realm of Zot
 63626 | Zot:1    | Reached skill level 15 in Dodging
 63794 | Zot:1    | Reached skill level 18 in Invocations
 64102 | Zot:1    | Identified the +0 leather armour of Resilience {*Corrode
                  | Str+2 Dex+2}
 64138 | Zot:1    | You fall into a shaft and drop 1 floor!
 64615 | Zot:2    | Noticed Parghit
 64631 | Zot:2    | Killed Parghit
 65002 | Zot:2    | Reached XP level 27. HP: 298/298 MP: 31/31
 65104 | Zot:2    | Reached skill level 25 in Shapeshifting
 65675 | Zot:3    | Identified the +7 sling of theanonym's Peril {flame, Contam
                  | +Blink rN+ Stlth+}
 66058 | Zot:3    | Noticed Vv
 66072 | Zot:3    | Killed Vv
 66740 | Zot:4    | Reached skill level 26 in Shapeshifting
 67340 | Zot:5    | Entered Level 5 of the Realm of Zot
 67602 | Zot:5    | Noticed an orb of fire
 67614 | Zot:5    | Noticed an orb of fire
 67616 | Zot:5    | Noticed a dread lich
 67616 | Zot:5    | Noticed an ancient lich
 67617 | Zot:5    | Noticed a dread lich
 67618 | Zot:5    | Killed an orb of fire
 67622 | Zot:5    | Noticed an orb of fire
 67877 | Zot:5    | Killed an orb of fire
 67888 | Zot:5    | Killed an orb of fire
 68035 | Zot:5    | Noticed an orb of fire
 68045 | Zot:5    | Noticed an orb of fire
 68047 | Zot:5    | Killed an orb of fire
 68058 | Zot:5    | Killed an orb of fire
 68062 | Zot:5    | Reached skill level 27 in Shapeshifting
 68152 | Zot:5    | Noticed an orb of fire
 68165 | Zot:5    | Noticed an orb of fire
 68166 | Zot:5    | Killed an orb of fire
 68175 | Zot:5    | Killed an orb of fire
 68179 | Zot:5    | Noticed an orb of fire
 68188 | Zot:5    | Noticed an ancient lich
 68301 | Zot:5    | Killed a dread lich
 68302 | Zot:5    | Reached skill level 27 in Fighting
 68302 | Zot:5    | Reached skill level 1 in Translocations
 68343 | Zot:5    | Reached skill level 1 in Spellcasting
 68423 | Zot:5    | Killed a dread lich
 68424 | Zot:5    | Reached skill level 2 in Translocations
 68427 | Zot:5    | Killed an ancient lich
 68428 | Zot:5    | Reached skill level 2 in Spellcasting
 68465 | Zot:5    | Killed an ancient lich
 68506 | Zot:5    | Noticed an orb of fire
 68519 | Zot:5    | Killed an orb of fire
 68606 | Zot:5    | Killed an orb of fire
 69404 | D:10     | Killed zero's ghost
 69522 | Lair:2   | Killed Chipwarrior's ghost
 69583 | Slime:1  | Entered Level 1 of the Pits of Slime
 69705 | Slime:5  | Entered Level 5 of the Pits of Slime
 69745 | Slime:5  | Reached skill level 3 in Translocations
 69748 | Slime:5  | Noticed the Royal Jelly
 69771 | Slime:5  | Killed the Royal Jelly
 69772 | Slime:5  | Reached skill level 3 in Spellcasting
 69811 | Slime:5  | Noticed Dissolution
 69820 | Slime:5  | Killed Dissolution
 69895 | Slime:5  | Got a slimy rune of Zot
 69909 | Slime:5  | Found the ring of the Octopus King
 69911 | Slime:5  | Identified the +9 morningstar "Arghusmufou" {flame, Dex+7}
 69919 | Slime:5  | Identified the +7 plate armour of Starshine {+Blink +Inv
                  | Str+3 SInv}
 69947 | Slime:5  | Identified the +3 glaive of Zoco {heavy, Int-3 Dex+7}
 69953 | Slime:5  | Identified the +8 shortbow of Makhleb's Inspiration
                  | {freeze, Will- Int+3 Dex+3}
 69955 | Slime:5  | Identified the +0 flail "Widowermaker" {speed, +Blink}
 69984 | Slime:5  | Identified the dragon-blood talisman of the Hunter {Will++
                  | Str-5}
 69996 | Slime:5  | Identified a ring of the Octopus King {HP+2 AC+2 EV+2 SH+2
                  | SInv}
 70716 | Slime:2  | Reached skill level 16 in Dodging
 72171 | Tomb:3   | Identified the "Daukh"
 72171 | Tomb:3   | Identified the "Huzuw"
 72171 | Tomb:3   | Entered Level 3 of the Tomb of the Ancients
 72177 | Tomb:3   | Reached skill level 4 in Translocations
 72188 | Tomb:3   | Found the +8 orange crystal plate armour {Archmagi, Int+3
                  | Clar}
 72217 | Tomb:3   | Reached skill level 4 in Spellcasting
 72257 | Tomb:3   | Noticed a royal mummy
 72261 | Tomb:3   | Noticed a royal mummy
 72266 | Tomb:3   | Noticed a royal mummy
 72273 | Tomb:2   | Killed a royal mummy
 72277 | Tomb:2   | Killed a royal mummy
 72339 | Tomb:3   | Noticed a royal mummy
 72339 | Tomb:3   | Noticed a royal mummy
 72347 | Tomb:3   | Noticed a royal mummy
 72351 | Tomb:3   | Noticed a royal mummy
 72351 | Tomb:3   | Noticed a royal mummy
 72356 | Tomb:3   | Killed a royal mummy
 72356 | Tomb:3   | Killed a royal mummy
 72357 | Tomb:3   | Killed a royal mummy
 72357 | Tomb:3   | Killed a royal mummy
 72360 | Tomb:3   | Killed a royal mummy
 72360 | Tomb:3   | Killed a royal mummy
 72361 | Tomb:3   | Reached skill level 25 in Armour
 72361 | Tomb:3   | Reached skill level 19 in Invocations
 72365 | Tomb:3   | Found the +3 crown of Dyrovepreva {rElec Int+2 SInv}
 72380 | Tomb:3   | Noticed Khufu
 72390 | Tomb:3   | Killed Khufu
 72391 | Tomb:3   | Reached skill level 25 in Axes
 72393 | Tomb:3   | Found the amulet of Vitality {RegenMP++ Regen++}
 72393 | Tomb:3   | Found the ring of Shadows {Umbra +Inv Stlth+}
 72402 | Tomb:3   | Identified the ring "Myorgh" {rElec rF+ Str-4 Dex+3 SInv}
 72406 | Tomb:3   | Identified the +8 great sword of the Ecumenical Temple
                  | {distort, rElec rC- rCorr Dex+8}
 72414 | Tomb:3   | Identified the +1 glaive of the Hills {heavy, rElec Int+2}
 72422 | Tomb:3   | Identified the ring "Urysi" {Will++ SInv Stlth-}
 72451 | Tomb:3   | Identified the ring "Kuikiemi" {Fly EV+5 Int+2 Stlth+}
 72514 | Tomb:3   | theanonym: ??archmage
 72514 | Tomb:3   | beem: archmage ~ archmagi[1/1]: Acts as one {enhancer} for
                  | all spells.
 72517 | Tomb:3   | Learned a level 2 spell: Lesser Beckoning
 72522 | Tomb:3   | Learned a level 4 spell: Passage of Golubria
 72526 | Tomb:3   | Learned a level 3 spell: Swiftness
 72532 | Tomb:3   | Learned a level 5 spell: Silence
 72584 | Tomb:3   | Identified the +4 scale mail of the Eternal Fruit {rElec}
 72629 | Tomb:3   | Identified the +4 morningstar of Yblyofag {protect, rC-
                  | rN+++ Str-4 SInv}
 72684 | Tomb:3   | Identified the +1 scale mail "Ufebb" {rC- Regen+ rCorr
                  | Int+2}
 72702 | Tomb:3   | Identified the +4 scimitar "Qeasoxup" {protect, Fragile rF+
                  | SInv}
 72708 | Tomb:3   | Identified the +3 broad axe "Hioquq" {freeze, Drain rC+++
                  | Dex+4 Stlth-}
 72712 | Tomb:3   | Identified the staff of Bettet {rF+ rN+++ Will- rCorr Str-2
                  | Fire}
 72758 | Tomb:3   | Got a golden rune of Zot
 73392 | Tar:7    | Identified the "Fyredub"
 73392 | Tar:7    | Identified the "Turutinni"
 73392 | Dis:7    | Identified the "Iguhoumu"
 73392 | Pan      | Entered Pandemonium
 73456 | Pan      | Found an opulent altar of Gozag.
 73457 | Pan      | Found Sariro's Assorted Sundries.
 73466 | Pan      | Found an opulent altar of Gozag.
 73480 | Pan      | Reached skill level 5 in Translocations
 73485 | Pan      | Reached skill level 1 in Air Magic
 73504 | Pan      | Found Sariro's Quality Elixirs.
 73525 | Pan      | Found an opulent altar of Gozag.
 73539 | Pan      | Found Sariro's Fine Accessories.
 73567 | Pan      | Noticed Sariro the pandemonium lord
 73576 | Pan      | Killed Sariro the pandemonium lord
 73577 | Pan      | Reached skill level 2 in Air Magic
 73602 | Pan      | Bought a potion of mutation for 136 gold pieces
 73602 | Pan      | Bought a potion of heal wounds for 85 gold pieces
 73602 | Pan      | Bought a potion of haste for 170 gold pieces
 73602 | Pan      | Bought a potion of might for 68 gold pieces
 73602 | Pan      | Bought a potion of might for 68 gold pieces
 73602 | Pan      | Bought a potion of haste for 170 gold pieces
 73602 | Pan      | Bought a potion of cancellation for 136 gold pieces
 73669 | Pan      | Found Sariro's Demonic Rune Outlet.
 73933 | Pan      | Reached skill level 5 in Spellcasting
 73952 | Pan      | Found an exit through the horrors of the Abyss.
 74006 | Pan      | Reached skill level 3 in Air Magic
 74470 | Pan      | Noticed Irapsyc the pandemonium lord
 74480 | Pan      | Killed Irapsyc the pandemonium lord
 74921 | Pan      | Reached skill level 17 in Dodging
 74964 | Pan      | Noticed Ignacio
 74975 | Pan      | Killed Ignacio
 74976 | Pan      | Reached skill level 4 in Air Magic
 74996 | Pan      | Identified the +4 broad axe of Rufat {elec, rPois rC+ Str+2
                  | Int+5}
 75144 | Pan      | Reached skill level 6 in Translocations
 75208 | Pan      | Noticed Lewn the pandemonium lord
 75220 | Pan      | Killed Lewn the pandemonium lord
 75261 | Pan      | Found a runed translucent door.
 75283 | Pan      | Got a demonic rune of Zot
 75437 | Pan      | Reached skill level 5 in Air Magic
 75767 | Pan      | Noticed Masexkecw the pandemonium lord
 75784 | Pan      | Killed Masexkecw the pandemonium lord
 76320 | Pan      | Reached skill level 26 in Axes
 76329 | Pan      | Reached skill level 6 in Spellcasting
 76332 | Pan      | Noticed Xeocluamirgh the pandemonium lord
 76347 | Pan      | Reached skill level 6 in Air Magic
 76354 | Pan      | Killed Xeocluamirgh the pandemonium lord
 76899 | Pan      | Identified the of Waykootz
 76922 | Pan      | Noticed a seraph
 76935 | Pan      | HP: 150/302 [angel/+2 whip of holy wrath[a seraph] (11)]
 76936 | Pan      | Killed a seraph
 76941 | Pan      | Found a glowing golden altar of the Shining One.
 77033 | Pan      | Reached skill level 7 in Air Magic
 77076 | Depths:1 | Escaped Pandemonium
 77078 | Pan      | Entered the realm of Mnoleg.
 77078 | Pan      | Entered Pandemonium
 77078 | Pan      | Noticed Mnoleg
 77111 | Pan      | Killed Mnoleg
 77120 | Pan      | Got a glowing rune of Zot
 77169 | Pan      | Reached skill level 26 in Armour
 77513 | Pan      | Reached skill level 18 in Dodging
 77547 | Pan      | Identified the +4 sling "Wuno" {heavy, Str+2 Int+2}
 77698 | Pan      | Identified the "Elef"
 77739 | Pan      | Reached skill level 8 in Air Magic
 77935 | Pan      | Noticed Maroi the pandemonium lord
 77937 | Pan      | Reached skill level 27 in Axes
 77957 | Pan      | Killed Maroi the pandemonium lord
 78084 | Pan      | Reached skill level 7 in Spellcasting
 78095 | Pan      | Found an exit through the horrors of the Abyss.
 78643 | Pan      | Noticed Qioschut the pandemonium lord
 78662 | Pan      | Killed Qioschut the pandemonium lord
 78865 | Pan      | Found an exit through the horrors of the Abyss.
 79183 | Pan      | Reached skill level 9 in Air Magic
 79778 | Pan      | Noticed Guzxyit the pandemonium lord
 79795 | Pan      | Killed Guzxyit the pandemonium lord
 79798 | Pan      | Reached skill level 7 in Translocations
 80001 | Pan      | Found an exit through the horrors of the Abyss.
 80159 | Pan      | Identified the of Enaffur
 80159 | Pan      | Identified the of Maveifye
 80159 | Pan      | Entered the realm of Cerebov.
 80248 | Pan      | Found an exit through the horrors of the Abyss.
 80415 | Pan      | Reached skill level 10 in Air Magic
 80436 | Pan      | Found the +6 sword of Cerebov {flame}
 80436 | Pan      | Noticed Cerebov
 80493 | Pan      | HP: 128/302 [Cerebov/iron shot (47)]
 80495 | Pan      | Killed Cerebov
 80496 | Pan      | Reached skill level 19 in Dodging
 80496 | Pan      | Reached skill level 8 in Spellcasting
 80656 | Pan      | Identified the +16 crystal plate armour of Viny Fun {rC+}
 80680 | Pan      | Got a fiery rune of Zot
 80971 | Pan      | Identified the +0 robe of the Ward {rElec}
 80972 | Pan      | Identified the +0 ring mail "Biymm" {rN+ Dex+6}
 81003 | Pan      | Identified the +6 arbalest "Beast's Undoing" {drain, Int+6
                  | Dex+2}
 81178 | Pan      | Entered the realm of Lom Lobon.
 81183 | Pan      | Reached skill level 27 in Armour
 81255 | Pan      | Reached skill level 8 in Translocations
 81286 | Pan      | Noticed Lom Lobon
 81367 | Pan      | HP: 146/302 [spore (8)]
 81368 | Pan      | Killed Lom Lobon
 81376 | Pan      | Got a magical rune of Zot
 81559 | Pan      | Entered the realm of Gloorx Vloq.
 81713 | Pan      | Noticed Gloorx Vloq
 81726 | Pan      | Killed Gloorx Vloq
 81730 | Pan      | Reached skill level 9 in Spellcasting
 81777 | Pan      | Got a dark rune of Zot
 81886 | Pan      | Reached skill level 20 in Dodging
 81985 | Pan      | Reached skill level 9 in Translocations
 82005 | Pan      | Found an exit through the horrors of the Abyss.
 82465 | Depths:1 | Escaped Pandemonium
 82493 | Hell     | Entered the Vestibule of Hell
 82495 | Hell     | Noticed Geryon
 82581 | Hell     | Killed Geryon
 82636 | Hell     | Found a gateway to the ashen valley of Gehenna.
 82812 | Hell     | Found a gateway to the Iron City of Dis.
 82849 | Hell     | Found a gateway to the freezing wastes of Cocytus.
 82954 | Hell     | Found a gateway to the decaying netherworld of Tartarus.
 83103 | Dis:1    | Entered Level 1 of the Iron City of Dis
 83162 | Tar:1    | Entered Level 1 of Tartarus
 83244 | Tar:1    | Reached skill level 10 in Spellcasting
 83257 | Tar:1    | Reached skill level 10 in Translocations
 83371 | Tar:2    | Reached skill level 21 in Dodging
 83518 | Tar:4    | Reached skill level 22 in Dodging
 83675 | Tar:6    | Reached skill level 23 in Dodging
 83711 | Tar:7    | Entered Level 7 of Tartarus
 84157 | Tar:7    | Reached skill level 24 in Dodging
 84697 | Tar:7    | Noticed Ereshkigal
 84728 | Tar:7    | Killed Ereshkigal
 84753 | Tar:7    | Reached skill level 25 in Dodging
 84767 | Tar:7    | Got a bone rune of Zot
 85106 | Geh:1    | Entered Level 1 of Gehenna
 85129 | Geh:1    | Noticed an ancient lich
 85149 | Geh:1    | Killed an ancient lich
 85287 | Geh:2    | Reached skill level 26 in Dodging
 85396 | Geh:3    | Noticed a dread lich
 85405 | Geh:3    | Killed a dread lich
 85670 | Geh:7    | Entered Level 7 of Gehenna
 85778 | Geh:3    | Noticed a dread lich
 85793 | Geh:3    | Killed a dread lich
 85807 | Geh:3    | Reached skill level 27 in Dodging
 85889 | Geh:7    | Lost intelligence.
 86037 | Geh:7    | Reached skill level 11 in Spellcasting
 86295 | Geh:7    | Reached skill level 12 in Spellcasting
 86310 | Geh:7    | Found the +13 sceptre of Asmodeus
 86310 | Geh:7    | Noticed Asmodeus
 86320 | Geh:7    | Killed Asmodeus
 86325 | Geh:7    | Got an obsidian rune of Zot
 86549 | Geh:7    | Identified the ring of Coaxzigo {rF+ rC- rCorr Dex+3}
 86573 | Geh:7    | Identified the +8 plate armour "Esepefal" {Harm}
 86576 | Geh:7    | Identified the talisman of death of the King of the Hill
                  | {Int+5 Stlth+}
 86613 | Geh:7    | Identified the +6 quarterstaff of the Stoat {distort, rC-
                  | rCorr SInv}
 86832 | Coc:1    | Entered Level 1 of Cocytus
 86947 | Coc:3    | Reached skill level 13 in Spellcasting
 87225 | Coc:5    | Reached skill level 14 in Spellcasting
 87402 | Coc:5    | Reached skill level 15 in Spellcasting
 87639 | Coc:7    | Entered Level 7 of Cocytus
 87718 | Coc:7    | Paralysed by a wendigo for 1 turns
 87771 | Coc:7    | Reached skill level 16 in Spellcasting
 87891 | Coc:7    | Paralysed by a wendigo for 1 turns
 87910 | Coc:7    | Reached skill level 17 in Spellcasting
 87961 | Coc:7    | Identified the +0 leather armour of the Nexus {rN++ Str+4}
 87962 | Coc:7    | Identified the beast talisman of Ennui {rF+ rN+}
 88020 | Coc:7    | Paralysed by a wendigo for 1 turns
 88193 | Coc:7    | Noticed Antaeus
 88229 | Coc:7    | Killed Antaeus
 88230 | Coc:7    | Reached skill level 18 in Spellcasting
 88252 | Coc:7    | Got an icy rune of Zot
 88255 | Coc:7    | Identified the ring of the Invisible Hand {rPois rC+}
 88610 | Dis:4    | HP: 144/300 [iron golem (14)]
 88615 | Dis:4    | HP: 94/300 [iron golem (21)]
 88624 | Dis:4    | HP: 75/300 [iron golem (12)]
 88626 | Dis:4    | HP: 32/300 [iron golem (22)]
 88632 | Dis:4    | HP: 32/300 [caustic shrike (4)]
 88641 | Dis:4    | Noticed a dread lich
 88641 | Dis:4    | You are sucked into a shaft and drop 2 floors!
 88642 | Dis:6    | HP: 12/259 [iron giant/Hell Sentinel (21)]
 88643 | Dis:6    | Mangled by a Hell Sentinel

Vanquished Creatures
  Cerebov (Pan)
  Antaeus (Coc:7)
  Asmodeus (Geh:7)
  the Royal Jelly (Slime:5)
  Ereshkigal (Tar:7)
  Ignacio (Pan)
  Gloorx Vloq (Pan)
  Dissolution (Slime:5)
  A seraph (Pan)
  Mnoleg (Pan)
  Lom Lobon (Pan)
  Khufu (Tomb:3)
  5 dread liches
  5 ancient liches
  9 orbs of fire (Zot:5)
  Mennas (Crypt:1)
  2 juggernauts
  8 pandemonium lords (Pan)
  34 royal mummies
  Sojobo (Crypt:3)
  Boris (Crypt:3)
  25 shard shrikes
  Vv (Zot:3)
  Parghit (Zot:2)
  4 Killer Klowns
  Saint Roka (Orc:2)
  Bai Suzhen (Shoals:4)
  Frederick (Crypt:3)
  Xtahua (Vaults:2)
  2 curse toes
  5 caustic shrikes (Dis:4)
  Nikola (Snake:3)
  9 golden dragons
  12 profane servitors
  Geryon (Hell)
  the Enchantress (Depths:2)
  14 bone dragons
  16 Tzitzimimeh
  6 electric golems
  15 Brimstone Fiends
  An iron giant (Depths:2)
  Jorgrun (Snake:3)
  7 hellephants
  9 doom hounds
  A spectral shard shrike (Tar:6)
  Zenata (Vaults:1)
  A walking crystal tome (Depths:2)
  16 tentacled monstrosities
  Rupert (Lair:5)
  12 liches
  5 Hell Sentinels
  33 Ice Fiends
  9 tainted leviathans
  14 titans
  2 deep elf blademasters (Elf:3)
  25 Orb Guardians (Zot:5)
  2 deep elf master archers (Elf:3)
  An eldritch tentacle (Pan)
  33 searing wretches
  A walking divine tome (Depths:1)
  4 walking earthen tomes
  13 sphinxes
  6 quicksilver dragons
  22 acid blobs
  18 Executioners
  Kirke (Lair:5)
  12 ancient champions
  12 shadow dragons
  3 krakens
  2 tentacled starspawn (Abyss:4)
  12 death cobs
  7 tengu reavers
  16 storm dragons
  8 draconian monks
  Ilsuiw (Shoals:3)
  A demonspawn warmonger (Pan)
  7 rockslimes
  17 azure jellies
  4 revenants
  10 deep elf sorcerers
  12 fire giants
  A daeva (Pan)
  35 narguns
  8 nagarajas (Snake:4)
  5 draconian scorchers
  An iron dragon (Depths:2)
  5 draconian knights
  A quicksilver elemental (Dis:4)
  Louise (Depths:3)
  12 frost giants
  28 vault wardens
  A spectral caustic shrike (Tar:2)
  2 imperial myrmidons (Desolation)
  37 balrugs
  5 ghost moths
  7 angels
  3 deep elf elementalists (Elf:3)
  4 draconian stormcallers
  7 draconian shifters
  3 ghouls (Crypt:1)
  2 orc warlords
  8 shard shrike simulacra
  14 ironbound preservers
  2 spectral juggernauts
  6 demonspawn corrupters (Pan)
  7 spriggan defenders
  4 curse skulls
  A juggernaut zombie (Crypt:2)
  A caustic shrike skeleton (Crypt:3)
  19 war gargoyles
  24 cacodemons
  11 demonspawn blood saints (Pan)
  9 draconian annihilators
  9 ophanim
  4 ironbound thunderhulks
  6 formless jellyfish
  9 stone giants
  6 green draconians
  10 quicksilver oozes
  13 reapers
  An apis (Pan)
  A juggernaut skeleton (Pan)
  31 very ugly things
  13 vampire knights
  19 black draconians
  10 putrid mouths
  4 purple draconians
  2 spectral titans (Tar:3)
  12 demonspawn black suns (Pan)
  8 yellow draconians
  12 bennus
  20 elemental wellsprings
  9 dire elephants
  10 lorocyprocas (Pan)
  2 halazid warlocks (Desolation)
  11 deep elf annihilators
  5 deep elf demonologists
  12 white draconians
  3 spark wasps (Depths:3)
  13 red draconians
  19 wendigos
  17 blizzard demons
  24 mummy priests
  11 deep elf death magi
  2 spectral quicksilver dragons
  7 merfolk javelineers
  The ghost of Chipwarrior the Thaumaturge, a journeyman DrAE of Ru (Lair:2)
  6 eidola
  10 green deaths (Pan)
  An ettin (shapeshifter) (Vaults:5)
  3 crystal guardians (Vaults:4)
  6 ragged hierophants (Desolation)
  A spectral iron giant (Tar:1)
  5 merfolk impalers
  A spectral spriggan (Tar:1)
  Josephine (D:12)
  13 jiangshi
  The ghost of zero the Slicer, a journeyman MiGl of Gozag (D:10)
  4 iron golems
  8 ettins
  An entropy weaver (Vaults:5)
  11 yaktaur captains
  13 fire dragons
  The ghost of Gruesome the Martial Artist, a journeyman OpSh of Qazlal (Orc:2)
  3 deep elf high priests
  18 peacekeepers
  5 hell beasts
  8 great orbs of eyes
  6 servants of whispers (Desolation)
  9 salamander tyrants
  5 juggernaut simulacra
  A spriggan zombie (Abyss:4)
  33 vault guards
  4 spriggan air magi
  17 caustic shrike simulacra
  4 merfolk avatars
  5 alligator snapping turtles
  7 hydras
  5 rakshasas (Pan)
  4 ice dragons
  16 anacondas
  2 anacondas (shapeshifter) (Vaults:5)
  2 death knights
  8 boulder beetles
  3 ogre magi (Vaults:5)
  An Orb Guardian zombie (Crypt:1)
  9 stokers
  3 catoblepae (Lair:5)
  24 centaur warriors
  3 merfolk aquamancers
  6 death yaks (Lair:5)
  5 tengu warriors
  10 ironbound frosthearts
  15 naga warriors
  8 deep troll earth magi
  Erica (D:9)
  3 two-headed ogres
  34 dancing weapons
  2 satyrs
  42 death scarabs (Tomb:2)
  9 vampire magi
  A titan zombie (Crypt:3)
  35 hell hogs
  4 deep troll shamans
  15 naga sharpshooters
  A thrashing horror (Abyss:4)
  4 spriggan berserkers
  3 occultists
  66 sun demons
  12 demonic crawlers (Pan)
  Nergalle (Lair:2)
  Urug (Lair:2)
  4 shock serpents
  Sonja (Lair:5)
  22 deep elf knights
  43 soul eaters
  A spectral dire elephant (Tar:6)
  A crystal echidna (Dis:3)
  27 hell knights
  3 orc high priests
  A titan skeleton (Crypt:1)
  26 skeletal warriors
  2 skysharks (Shoals:1)
  28 sixfirhies
  A wretched star (Abyss:4)
  24 shadow wraiths
  A spectral bunyip (Tar:1)
  6 iron trolls
  6 cherubim
  10 sea snakes
  10 glowing orange brains
  A golden dragon zombie (Depths:1)
  5 quicksilver dragon simulacra
  5 salamander mystics
  47 deep trolls
  28 ironbound convokers
  3 lindwurms (Vaults:2)
  2 anaconda zombies
  10 shadow demons (Pan)
  A tengu zombie (Depths:1)
  3 flayed ghosts
  4 deep elf archers
  6 arcanists
  A bog body (Crypt:1)
  10 phantasmal warriors
  12 harpies
  A spectral iron dragon (Tar:3)
  5 naga ritualists
  12 orc knights
  3 anaconda skeletons
  9 mana vipers
  9 necromancers
  4 orc sorcerers
  45 deep elf zephyrmancers
  2 fire giant zombies
  30 ugly things
  2 human zombies
  28 deep elf pyromancers
  6 cyclopes
  15 fauns
  8 shining eyes
  18 salamanders
  A shining eye (shapeshifter) (Vaults:5)
  A spectral alligator snapping turtle (Tar:1)
  A will-o-the-wisp (Abyss:4)
  Maurice (D:11)
  28 moths of wrath
  15 manticores
  7 rust devils
  A wolf spider (shapeshifter) (Vaults:5)
  A spectral centaur (Tar:1)
  14 naga magi
  2 cyclopes (shapeshifter)
  A manticore (shapeshifter) (Depths:3)
  A fire giant skeleton (Vaults:1)
  A black mamba (shapeshifter) (Abyss:4)
  A centaur zombie (Crypt:3)
  15 elephants
  3 molten gargoyles (Desolation)
  3 titan simulacra
  2 torpor snails
  A stone giant skeleton (Crypt:2)
  5 guardian serpents
  14 water nymphs
  18 vault sentinels
  8 merfolk sirens
  4 gargoyles (Crypt:3)
  5 ice statues
  An elephant (shapeshifter) (D:15)
  4 eyes of devastation
  25 orange demons
  A dire elephant zombie (Crypt:1)
  An apocalypse crab (Abyss:3)
  57 smoke demons
  37 black mambas
  An elephant slug zombie (Crypt:1)
  An alligator snapping turtle zombie (Tomb:3)
  Maggie (D:10)
  11 unseen horrors
  2 kobold demonologists
  3 rime drakes
  Psyche (D:11)
  7 anaconda simulacra
  13 hellions
  10 cane toads
  9 efreet
  32 yaktaurs
  11 ice devils
  A golden dragon simulacrum (Coc:4)
  An alligator snapping turtle skeleton (Crypt:2)
  An orb spider zombie (Crypt:1)
  11 tormentors
  A yaktaur skeleton (Vaults:1)
  7 komodo dragons
  2 ancient zymes (Abyss:4)
  14 freezing wraiths
  3 spectral harpies
  5 iron giant simulacra
  39 guardian mummies
  A tengu conjurer (Depths:1)
  37 merfolk
  6 red devils
  3 harpy zombies
  A spectral naga (Tar:3)
  8 trolls
  2 polar bears
  24 hellwings
  A wolf spider simulacrum (D:15)
  5 wind drakes
  3 harpy skeletons
  11 raiju
  59 saltlings (Desolation)
  2 ettin zombies
  4 glass eyes
  A tarantella (shapeshifter) (D:13)
  13 blink frogs
  A hydra skeleton (Crypt:3)
  A raiju (shapeshifter) (Elf:2)
  9 snapping turtles
  54 flying skulls
  2 spriggans (Depths:3)
  8 vampires
  24 water elementals
  2 ettin skeletons
  68 large abominations
  4 spriggan skeletons
  11 wraiths
  8 shadows
  64 yaks
  5 wyverns
  8 dire elephant simulacra
  16 humans (D:14)
  2 black mamba skeletons (Crypt:1)
  30 ynoxinuls
  5 basilisks
  Eustachio (D:3)
  18 ushabtiu
  2 alligator snapping turtle simulacra
  75 slime creatures
  20 golden eyes
  35 neqoxecs
  2 steam dragons
  4 fire elementals
  2 vampire mosquitoes (D:12)
  Edmund (D:3)
  Menkaure (D:4)
  48 nagas
  17 water moccasins
  2 death yak simulacra (IceCv)
  28 chaos spawn
  An ogre zombie (Vaults:4)
  8 wargs
  A naga zombie (Crypt:3)
  20 small abominations
  A two-headed ogre zombie (Crypt:1)
  17 harpy simulacra
  An acid dragon (D:9)
  A hydra simulacrum (Coc:6)
  A two-headed ogre skeleton (Crypt:1)
  42 orc warriors
  5 sky beasts
  3 ettin simulacra (Coc:4)
  A demonspawn skeleton (Crypt:1)
  2 ice beasts
  4 black bears
  5 ogres
  18 wolves
  3 boggarts (Vaults:1)
  6 centaurs
  A phantom (D:5)
  15 kobold brigands
  9 bullfrogs
  3 gnoll sergeants
  2 human skeletons (Vaults:4)
  3 cane toad simulacra (IceCv)
  2 two-headed ogre simulacra (IceCv)
  2 earth elementals
  2 scorpions
  13 wights
  2 elephant simulacra (IceCv)
  12 killer bees
  9 howler monkeys
  12 crimson imps
  6 centaur skeletons
  23 orc priests
  4 hounds
  2 iron imps
  6 jellies
  2 iguanas (D:7)
  2 sleepcaps
  12 starcursed masses
  25 orc wizards
  5 lightning spires (Zot:2)
  6 hell rats (Hell)
  5 spriggan simulacra
  4 troll simulacra (IceCv)
  An ogre skeleton (Crypt:2)
  A naga skeleton (Crypt:1)
  27 mummies
  14 gnolls
  6 adders
  4 naga simulacra
  5 shadow imps
  18 white imps
  7 ufetubi
  An adder skeleton (Crypt:2)
  A worm (D:2)
  A dart slug (D:1)
  112 orcs
  6 endoplasms
  6 giant cockroaches
  5 goblins
  8 hobgoblins
  11 jackals
  2 quokkas
  11 ball pythons
  8 bats
  3 frilled lizards
  A goblin zombie (Crypt:2)
  A hobgoblin zombie (Crypt:1)
  35 kobolds
  10 kobold skeletons (D:8)
  7 kobold zombies (D:8)
  A quokka zombie (Crypt:2)
  8 rats
  A river rat skeleton (Crypt:2)
  A ball lightning (Pan)
  A butterfly (Lair:4)
  5 creeping infernos
  18 fire vortices
  2 spectral weapons (Zot:4)
  A starspawn tentacle (Abyss:4)
  7 tentacles
4201 creatures vanquished.

Vanquished Creatures (others)
  A royal mummy (Tomb:3)
  A shard shrike (Coc:5)
  A caustic shrike (Dis:4)
  A searing wretch (Geh:7)
  A sphinx (Tomb:1)
  A shadow dragon (Vaults:5)
  An azure jelly (Coc:7)
  A fire giant (Geh:3)
  A draconian knight (Zot:3)
  A frost giant (Hell)
  3 shard shrike simulacra (Coc:7)
  A balrug (Geh:2)
  A demonspawn blood saint (Pan)
  A purple draconian (Zot:1)
  2 mummy priests (Tomb:3)
  3 juggernaut simulacra
  A merfolk aquamancer (Shoals:4)
  A hell knight (Depths:3)
  A quicksilver dragon simulacrum (Coc:7)
  2 spriggan simulacra (Coc:7)
  A deep elf zephyrmancer (Elf:3)
  A titan simulacrum (Coc:7)
  A yaktaur (Vaults:1)
  An anaconda simulacrum (Coc:2)
  A golden dragon simulacrum (Coc:7)
  4 guardian mummies (Tomb:3)
  A dire elephant simulacrum (Coc:7)
  A yak (Lair:5)
  4 ushabtiu (Tomb:3)
  A harpy simulacrum (Coc:7)
  A hydra simulacrum (Coc:7)
  A naga simulacrum (Coc:7)
  3 mummies (Tomb:3)
  19 ball lightnings
  4 creeping infernos
  3 fire vortices
  14 foxfires (Abyss:4)
  A starspawn tentacle (Abyss:4)
  16 tentacles
104 creatures vanquished.

Grand Total: 4305 creatures vanquished

Table legend: (Time is in decaauts)
 A = Elapsed time spent in this place.
 B = Non-inter-level travel time spent in this place.
 C = Inter-level travel time spent in this place.
 D = Time resting spent in this place.
 E = Time spent auto-exploring this place.
 F = Levels seen in this place.
 G = Mean time per level.
                   A        B        C        D        E       F      G
               +--------+--------+--------+--------+--------+-----+--------+
         Total |  86252 |  73863 |  12389 |   7166 |  48332 | 105 |  821.4 |
       Dungeon |  18170 |  14774 |   3396 |   2704 |   9478 |  15 | 1211.3 |
        Temple |     38 |     26 |     12 |      0 |      0 |   1 |   38.0 |
          Lair |   8654 |   7831 |    823 |    750 |   5981 |   5 | 1730.8 |
        Shoals |   3804 |   3594 |    210 |    306 |   2512 |   4 |  951.0 |
     Snake Pit |   4092 |   3436 |    656 |    311 |   2240 |   4 | 1023.0 |
    Slime Pits |   1726 |   1672 |     54 |      3 |   1319 |   5 |  345.2 |
  Orcish Mines |   3958 |   3296 |    662 |    488 |   2117 |   2 | 1979.0 |
   Elven Halls |   3898 |   3450 |    448 |    381 |   2203 |   3 | 1299.3 |
        Vaults |   7765 |   6379 |   1386 |    770 |   4201 |   5 | 1553.0 |
         Crypt |   4032 |   2658 |   1374 |     52 |   1873 |   3 | 1344.0 |
          Tomb |   3254 |   2409 |    845 |    329 |   1257 |   3 | 1084.7 |
        Depths |   5274 |   4380 |    894 |    557 |   2811 |   4 | 1318.5 |
          Hell |    750 |    540 |    210 |     11 |    338 |   1 |  750.0 |
           Dis |    160 |    149 |     11 |     18 |     31 |   5 |   32.0 |
       Gehenna |   1745 |   1357 |    388 |     37 |    543 |   7 |  249.3 |
       Cocytus |   1427 |   1238 |    189 |     10 |    477 |   7 |  203.9 |
      Tartarus |   1798 |   1495 |    303 |     17 |    980 |   7 |  256.9 |
           Zot |   5273 |   4750 |    523 |    183 |   3441 |   5 | 1054.6 |
         Abyss |    805 |    805 |      0 |     48 |    333 |   4 |  201.2 |
   Pandemonium |   8601 |   8601 |      0 |    183 |   5638 |  13 |  661.6 |
      Ice Cave |    300 |    300 |      0 |      0 |    144 |   1 |  300.0 |
    Desolation |    719 |    719 |      0 |      4 |    411 |   1 |  719.0 |
               +--------+--------+--------+--------+--------+-----+--------+

Top non-repeatable levels by time:
  Lair:5: 4312 daAuts
   Orc:2: 2327 daAuts
 Crypt:3: 2327 daAuts
    D:10: 1913 daAuts
  Tomb:1: 1834 daAuts
Vaults:2: 1822 daAuts
     D:8: 1796 daAuts
Vaults:1: 1709 daAuts
    D:14: 1632 daAuts
   Orc:1: 1630 daAuts
Vaults:5: 1603 daAuts
   Zot:5: 1578 daAuts
   Elf:3: 1574 daAuts
Vaults:4: 1510 daAuts
Depths:3: 1494 daAuts
